 Dungeon Crawl Stone Soup version 0.18-a0-316-gf882de5 (console) character file.

1859100 endege the Acrobat (level 27, 268/288 HPs)
             Began as a Deep Dwarf Berserker on Nov 27, 2015.
             Was a High Priest of Trog.
             Escaped with the Orb
             ... and 3 runes!
             The game lasted 01:44:35 (59300 turns).

endege the Acrobat (Deep Dwarf Berserker)          Turns: 59300, Time: 01:44:36

Health: 268/288    AC: 48    Str: 24    XL:     27
Magic:  5/5        EV: 29    Int:  9    God:    Trog [*****.]
Gold:   4640       SH:  0    Dex: 21    Spells: 0 memorised, 26 levels left

rFire  + . .     SeeInvis +     x - +9 battleaxe (vamp)
rCold  + . .     Clarity  .     s - +9 chain mail of Light {rC+}
rNeg   + . .     SustAt   .     (shield currently unavailable)
rPois  +         Gourm    .     h - +2 hat {SInv}
rElec  .         Spirit   .     t - +2 cloak {rPois}
rCorr  .         Warding  .     E - +2 pair of gloves
rMut   .         Stasis   .     A - +2 pair of boots
MR     ++++.                    r - amulet of faith
Stlth  ..........               u - ring of Robustness {AC+8}
                                z - ring of protection from fire

@: very slightly contaminated, non-regenerating, incredibly resistant to hostile
enchantments, extremely unstealthy
A: damage resistance, recharge devices, horns 1, deterioration 1, negative
energy resistance 1, sense surroundings 3, slow regeneration 3
a: Device Recharging, Berserk, Trog's Hand, Brothers in Arms, Burn Spellbooks,
Renounce Religion
0: Orb of Zot
}: 3/15 runes: serpentine, barnacled, silver


You escaped.
You worshipped Trog.
Trog was extremely pleased with you.
You were very full.

You visited 8 branches of the dungeon, and saw 50 of its levels.

You collected 6741 gold pieces.
You spent 2101 gold pieces at shops.


Innate Abilities, Weirdness & Mutations

You are resistant to damage.
You can recharge devices by infusing magical energy.
You resist negative energy.
You passively map a large area around you.
You do not regenerate naturally.
You have a pair of small horns on your head.
Your body sometimes deteriorates upon taking damage.


   Skills:
 + Level 24.6 Fighting
 - Level 24.5 Axes
 - Level 24.7 Armour
 - Level 24.7 Dodging
 - Level 9.3 Evocations


You had 26 spell levels left.
You didn't know any spells.

Inventory:

Hand Weapons
 x - a +9 vampiric battleaxe (weapon)
Armour
 h - a +2 hat of see invisible (worn)
 k - a fire dragon hide
 s - the +9 chain mail of Light (worn) {rC+}
   (You found it on level 6 of the Dungeon)

   It protects you from cold.
 t - a +2 cloak of poison resistance (worn)
 A - a +2 pair of boots (worn)
 E - a +2 pair of gloves (worn)
Jewellery
 f - the ring "Uczypo" {rElec rPois MR+ Int-2 Stlth-}
   (You took it off a fire giant on level 5 of the Vaults)

   [ring of loudness]

   It affects your intelligence (-2).
   It insulates you from electricity.
   It protects you from poison.
   It affects your resistance to hostile enchantments.
   It makes you less stealthy.
 r - an amulet of faith (around neck)
 u - the ring of Robustness (right hand) {AC+8}
   (You found it on level 6 of the Dungeon)

   [ring of protection]

   It affects your AC (+8).
 v - an uncursed ring of ice
 y - an uncursed ring of protection from cold
 z - a ring of protection from fire (left hand)
 B - the ring of Qamuc {+Blink rC+ MR+ Dex+2 SInv}
   (You took it off a yaktaur captain on level 5 of the Vaults)

   [ring of see invisible]

   It affects your dexterity (+2).
   It protects you from cold.
   It affects your resistance to hostile enchantments.
   It lets you see invisible.
   It lets you blink.
 C - an uncursed ring of poison resistance
 F - a +3 ring of strength
 H - the ring of the Madman {rC+ Int+4 SInv}
   (You found it on level 15 of the Dungeon)

   [ring of protection from cold]

   It affects your intelligence (+4).
   It protects you from cold.
   It lets you see invisible.
 J - an uncursed ring of fire
 L - the ring of Shadows {Umbra +Inv rN+ SInv}
   (You found it on level 5 of the Vaults)

   [ring of invisibility]

   It protects you from negative energy.
   It lets you see invisible.
   It lets you turn invisible.
Wands
 m - a wand of teleportation (1)
 n - a wand of digging (6)
 K - a wand of heal wounds (5)
Scrolls
 a - 19 scrolls of remove curse
 b - 9 scrolls of teleportation
 d - a scroll of enchant weapon
 g - 35 scrolls of identify
 p - 2 scrolls of enchant armour
Potions
 c - 3 potions of might
 i - a potion of haste
 o - 4 potions of cure mutation
 q - 14 potions of curing
 w - a potion of resistance
Comestibles
 e - 11 bread rations
 l - 29 meat rations

Dungeon Overview and Level Annotations

Branches:
Dungeon (15/15)            Temple (0/1) D:6            Lair (8/8) D:9
 Shoals (4/4) Lair:6        Snake (4/4) Lair:6        Slime (0/6) Lair:6
    Orc (4/4) D:10            Elf (0/3) Orc:3        Vaults (5/5) D:14
  Crypt (0/3) Vaults:3     Depths (5/5) D:15            Zot (5/5) Depths:5

Altars:
Ashenzari
Cheibriados
Dithmenos
Fedhas
Gozag
Nemelex Xobeh
Ru
Xom
Zin
The Shining One
Beogh

Shops:
D:4 %   D:10 (   D:11 }   D:12 (   Orc:4 ![:   Snake:2 [   Vaults:1 ?

Portals:
Hell: Depths:1 Depths:2 Depths:4 Depths:5
Abyss: Depths:1 Depths:4
Pandemonium: Orc:4 Depths:2
Ziggurat: Depths:4

Annotations:
Depths:1 2 runed doors
Depths:3 1 runed door, Frederick


Message History

You slash the cacodemon!
The cacodemon is heavily wounded.
You slice the cacodemon like a ripe choko!!!
You kill the cacodemon!
Trog accepts your kill.
A hellwing comes into view.
You hit the hellwing but do no damage. The hellwing blocks your attack.
You slice the hellwing!!
The hellwing's corpse armour sloughs away.
Your headbutt misses the hellwing.
The hellwing is almost dead.
The hellwing completely misses you. The hellwing barely misses you.
You closely miss the hellwing. You headbutt the hellwing.
The hellwing is almost dead.
The hellwing completely misses you. x2
You slice the hellwing!!
You kill the hellwing!
Trog accepts your kill.
There is a staircase leading out of the dungeon here.
You have escaped!

#.###..##############.####.#
#.....................####.#
#.........###............#.#
#........## ##.........#.#.#
#........# #.........#.#.#
#........## ##.........#.#.#
#.........###..........#.#.#
#......................#+#..
#...###.........###.........
#..## ##.......## ##........
#..# #...@...# #........
#..## ##.......## ##........
#...###.........###...######
#..............(............
#.........###..........#####
#....)...## ##.........#....
#........# #.........###.#
#........## ##..............
#.........###.........######
#...........................
###########...........######


There were no monsters in sight!

Vanquished Creatures
  An orb of fire (Zot:5)
  Mennas (Depths:5)
  2 juggernauts (Depths:3)
  4 ancient liches
  A pandemonium lord (Zot:1)
  Norris (Vaults:2)
  2 Killer Klowns (Zot:5)
  2 curse toes (Zot:4)
  The ghost of PeterLawrence the Hoplite, a veteran GrFi of Okawaru (Vaults:5)
  11 golden dragons
  Jory (Depths:5)
  2 electric golems (Zot:5)
  Jorgrun (Shoals:2)
  17 tentacled monstrosities
  An Ice Fiend (Zot:4)
  A Hell Sentinel (D:6)
  26 Orb Guardians
  6 titans (Vaults:5)
  4 liches
  A quicksilver dragon (Depths:2)
  An acid blob (Depths:2)
  A kraken (Shoals:2)
  5 sphinxes
  8 death cobs
  Gastronok (Lair:3)
  2 eldritch tentacles (Depths:3)
  2 Executioners
  10 shadow dragons
  9 tengu reavers
  14 fire giants
  19 greater nagas
  8 draconian monks
  A daeva (Depths:4)
  13 storm dragons
  Ilsuiw (Shoals:4)
  Wiglaf (Snake:3)
  A balrug (Depths:5)
  2 ghost moths (Zot:4)
  4 draconian knights
  Maud (Lair:8)
  4 frost giants
  2 deep elf sorcerers (Vaults:5)
  5 draconian scorchers
  Aizul (Snake:2)
  4 draconian zealots
  21 vault wardens
  2 angels
  A cacodemon (D:1)
  An emperor scorpion (D:15)
  A warmonger (D:6)
  3 war gargoyles
  5 draconian shifters
  15 very ugly things
  3 draconian annihilators
  16 ironheart preservers
  3 spriggan defenders (Depths:3)
  A vampire knight (Depths:3)
  A draconian caller (Zot:2)
  16 stone giants
  A stone giant (shapeshifter) (Vaults:5)
  A chaos champion (D:6)
  4 salamander stormcallers
  12 black draconians
  13 green draconians
  A blood saint (D:6)
  2 deep elf demonologists
  A dire elephant (D:15)
  6 mottled draconians
  13 purple draconians
  7 white draconians
  13 red draconians
  9 yellow draconians
  15 spark wasps
  10 merfolk javelineers
  26 vault guards
  A crystal guardian (Vaults:3)
  14 ettins
  A deep elf death mage (Vaults:4)
  8 death oozes (Depths:2)
  19 fire dragons
  14 yaktaur captains
  3 entropy weavers
  6 merfolk impalers
  4 hydras
  30 naga warriors
  A quicksilver dragon skeleton (Depths:2)
  7 centaur warriors
  9 great orbs of eyes
  21 ogre magi
  17 ice dragons
  2 death knights (Vaults:3)
  A hell beast (D:6)
  5 rakshasas
  4 satyrs
  An alligator snapping turtle (Shoals:3)
  6 spriggan air magi
  3 merfolk avatars
  4 merfolk aquamancers
  5 anacondas
  9 death yaks
  6 tengu warriors
  5 deep troll shamans
  5 orc high priests (Orc:4)
  3 sun demons (Depths:5)
  9 spriggan berserkers
  A vampire mage (Depths:1)
  A titan zombie (Orc:3)
  10 deep troll earth magi
  6 shock serpents
  Urug (Orc:2)
  25 naga sharpshooters
  3 hell hogs (Depths:1)
  7 spriggans
  2 shock serpents (shapeshifter)
  2 fire crabs
  2 soul eaters
  A deep elf knight (Vaults:3)
  26 hell knights
  11 skeletal warriors
  4 giant orange brains
  An iron troll (Depths:3)
  2 flayed ghosts
  2 shadow wraiths
  4 death drakes (Depths:5)
  32 deep trolls
  4 unseen horrors
  10 sea snakes
  An oklob plant (Lair:3)
  3 infernal demonspawn
  9 salamander mystics
  6 naga ritualists
  5 mana vipers
  4 putrid demonspawn
  Pikel (D:4)
  6 necromancers
  21 hill giants
  20 ironbrand convokers
  18 griffons
  18 orc knights
  An anubis guard (shapeshifter) (Depths:1)
  6 deep elf conjurers
  6 orc sorcerers
  28 harpies
  27 salamanders
  3 lindwurms
  2 stone giant zombies (Orc:3)
  7 cyclopes
  A hornet (shapeshifter) (Depths:1)
  15 fauns
  4 hornets
  7 wolf spiders
  17 moths of wrath
  A fire giant zombie (Depths:2)
  37 ugly things
  4 wizards
  23 vault sentinels
  39 black mambas
  2 guardian serpents (shapeshifter)
  6 water nymphs
  3 sixfirhies
  6 manticores
  3 orange demons
  5 gargoyles
  9 guardian serpents
  27 naga magi
  Joseph (D:7)
  13 sirens
  A cyclops (shapeshifter) (Depths:4)
  5 elephants (Lair:7)
  10 spiny frogs
  A torpor snail (Lair:8)
  An elephant (shapeshifter) (Vaults:3)
  6 centaur skeletons
  3 rust devils
  5 spectral swamp worms (Depths:4)
  Psyche (D:12)
  5 smoke demons
  2 human zombies
  6 hellwings
  A spiny frog (shapeshifter) (D:15)
  A fire drake (shapeshifter) (Vaults:2)
  76 yaktaurs
  6 tengu conjurers
  A redback zombie (D:15)
  9 komodo dragons
  17 merfolk
  A fire drake (Lair:2)
  2 jumping spiders
  A jumping spider (shapeshifter) (Vaults:1)
  A queen bee (Depths:3)
  6 deep elf priests
  4 giant leeches (Lair:8)
  4 wind drakes
  A queen bee (shapeshifter) (Depths:1)
  8 polar bears (Lair:8)
  3 red devils
  2 freezing wraiths
  6 trolls
  Prince Ribbit (Lair:3)
  32 slime creatures
  38 two-headed ogres
  12 blink frogs
  8 snapping turtles
  2 hornet zombies (D:15)
  3 two-headed ogres (shapeshifter)
  2 boulder beetles
  2 raiju (Lair:8)
  15 redbacks
  2 tarantellas (Vaults:5)
  55 yaks
  A ynoxinul (Orc:4)
  4 basilisks
  3 basilisks (shapeshifter)
  12 deep elf fighters
  2 deep elf magi
  2 trapdoor spiders (D:15)
  A shadow (D:13)
  A wraith (D:14)
  6 chaos spawn
  29 water elementals
  Grum (D:11)
  2 neqoxecs (Orc:4)
  2 air elementals (Depths:3)
  A steam dragon (D:10)
  13 vampire mosquitoes
  A human simulacrum (Vaults:2)
  2 mottled dragons
  19 wolves
  2 hungry ghosts
  A spriggan simulacrum (Depths:2)
  13 wargs
  18 large abominations
  16 hippogriffs
  13 hell hounds
  2 swamp drakes (Depths:5)
  91 nagas
  A slave (D:4)
  Duvessa (D:4)
  11 water moccasins
  42 orc warriors
  6 ice beasts
  13 porcupines
  4 sky beasts
  3 phantoms
  2 eyes of draining (D:15)
  A necrophage (D:12)
  13 black bears
  9 wasps
  2 eyes of draining (shapeshifter) (Vaults:4)
  14 crocodiles
  4 boggarts
  83 ogres
  28 centaurs
  6 big kobolds
  23 giant frogs
  A glowing shapeshifter simulacrum (Vaults:2)
  A cyclops zombie (Orc:3)
  A water moccasin zombie (D:6)
  A wyvern zombie (D:14)
  A wyvern skeleton (D:14)
  8 scorpions
  29 killer bees
  10 wights
  3 quasits
  5 centaur zombies
  An electric eel (Lair:6)
  31 orc priests
  11 crimson imps
  A wasp zombie (D:11)
  5 jellies
  22 orc wizards
  Crazy Yiuf (D:7)
  12 iguanas
  17 hounds
  A giant frog skeleton (D:12)
  12 worker ants
  4 small abominations (Depths:4)
  A worker ant (shapeshifter) (Vaults:5)
  38 sheep
  A killer bee zombie (D:7)
  A hound skeleton (D:5)
  A hound zombie (D:5)
  A mummy (D:13)
  A worker ant zombie (D:9)
  4 gnolls (D:4)
  52 river rats
  6 adders
  7 shadow imps
  An ufetubus (D:1)
  8 oozes
  An adder skeleton (D:4)
  2 adder zombies
  4 worms
  9 giant geckos
  181 orcs
  5 giant cockroaches
  5 goblins (D:1)
  5 hobgoblins
  13 jackals
  9 quokkas
  3 bats
  8 giant newts
  34 kobolds
  2 quokka skeletons
  A quokka zombie (D:7)
  7 rats
  2 crawling corpses (Vaults:5)
  11 fungi
  12 plants
  4 tentacles (Shoals:2)
2734 creatures vanquished.

Vanquished Creatures (collateral kills)
  A tentacled monstrosity (Zot:1)
  3 Orb Guardians (Zot:5)
  An eldritch tentacle (Depths:3)
  Frances (Snake:2)
  3 death cobs
  A draconian monk (Depths:5)
  A greater naga (Snake:4)
  Roxanne (D:15)
  2 storm dragons
  An orc warlord (Orc:4)
  A draconian knight (Zot:1)
  An ironheart preserver (Vaults:4)
  2 draconian annihilators
  A black draconian (Zot:1)
  A green draconian (Depths:5)
  A white draconian (Zot:1)
  2 fire dragons
  A yaktaur captain (Vaults:5)
  The ghost of DEFE the Nimble, a journeyman SpFi of Ashenzari (D:10)
  A vault guard (Vaults:5)
  The ghost of endege the Cleaver, a journeyman DDGl of Makhleb (Lair:1)
  An entropy weaver (Vaults:5)
  An ice dragon (Zot:2)
  5 hydras
  An ogre mage (Depths:1)
  3 death yaks
  A deep troll shaman (Depths:3)
  An orc high priest (Orc:4)
  Sonja (Lair:2)
  3 deep trolls
  A gelid demonspawn (Orc:4)
  An orc knight (Orc:4)
  An ugly thing (Vaults:4)
  A centaur skeleton (D:14)
  A naga mage (Snake:2)
  A troll (D:10)
  A deep elf priest (Vaults:5)
  A two-headed ogre (Depths:1)
  2 blink frogs (Lair:5)
  2 redbacks (Snake:2)
  A spriggan (Depths:3)
  5 yaks
  A hippogriff (Lair:5)
  2 nagas (Snake:2)
  An orc warrior (Orc:4)
  2 ogres
  2 boggarts (Vaults:2)
  A worker ant (D:12)
  3 sheep (Lair:8)
  A river rat (Lair:6)
  A plant (Lair:8)
77 creatures vanquished.

Vanquished Creatures (others)
  A draconian scorcher (Zot:3)
  A purple draconian (Zot:3)
  A vault guard (Vaults:5)
  A merfolk avatar (Shoals:4)
  A soul eater (Zot:1)
  A lindwurm (Depths:5)
  A moth of wrath (Zot:3)
  A slime creature (Vaults:2)
  2 redbacks (Vaults:5)
  A water elemental (Shoals:4)
  A warg (Lair:8)
  An ogre (Depths:1)
  Dowan (D:4)
  A giant gecko (D:4)
  A bush (Lair:8)
  63 eldritch tentacle segments (Depths:3)
  25 fungi
  35 plants
  3 tentacles (Shoals:2)
  221 tentacle segments (Shoals:2)
363 creatures vanquished.

Grand Total: 3174 creatures vanquished

Notes
Turn   | Place    | Note
--------------------------------------------------------------
     0 | D:1      | endege the Deep Dwarf Berserker began the quest for the Orb.
     0 | D:1      | Reached XP level 1. HP: 20/20 MP: 1/1
     0 | D:1      | 0 ||| counter = 31
    83 | D:1      | Reached skill level 1 in Evocations
   147 | D:1      | Reached XP level 2. HP: 16/27 MP: 3/3
   612 | D:1      | 612 ||| UPGRADING to leather armour.
   622 | D:1      | 622 ||| DROPPING +0 animal skin.
   623 | D:1      | 623 ||| READING scroll labeled XECYEF ONINN.
   624 | D:1      | 624 ||| READING 2 scrolls labeled DYUROPIEFAN.
   625 | D:1      | 625 ||| READING scroll labeled ANLIAZ AHUM.
   626 | D:1      | 626 ||| READING scroll of identify.
   626 | D:1      | 626 ||| IDENTIFYING dented golden amulet
   627 | D:1      | 627 ||| DROPPING amulet of rage.
   660 | D:2      | Found a sacrificial altar of Ru.
   695 | D:2      | 695 ||| INVOKING Berserk.
   695 | D:2      | HP: 5/40 [worm (7)]
   703 | D:2      | 703 ||| ZAPPING wand of heal wounds (5).
   830 | D:2      | Reached skill level 4 in Axes
   868 | D:2      | Reached XP level 3. HP: 33/33 MP: 4/4
   902 | D:2      | Reached ** piety under Trog
   945 | D:2      | Found a glowing golden altar of the Shining One.
  1120 | D:2      | 1120 ||| UPGRADING to scale mail.
  1130 | D:2      | 1130 ||| DROPPING +0 leather armour.
  1152 | D:3      | 1152 ||| STAIRDANCE
  1176 | D:3      | 1176 ||| STAIRDANCE
  1185 | D:3      | 1185 ||| STAIRDANCE
  1194 | D:3      | 1194 ||| STAIRDANCE
  1226 | D:3      | 1226 ||| INVOKING Berserk.
  1380 | D:3      | Found a shadowy altar of Dithmenos.
  1413 | D:3      | Reached skill level 3 in Evocations
  1468 | D:3      | Reached XP level 4. HP: 26/40 MP: 6/6
  1541 | D:3      | 1541 ||| ZAPPING wand of heal wounds (4).
  1547 | D:3      | 1547 ||| READING 2 scrolls of recharging.
  1547 | D:3      | 1547 ||| RECHARGING wand of heal wounds (3).
  1741 | D:3      | Found a glowing silver altar of Zin.
  1773 | D:3      | 1773 ||| INVOKING Berserk.
  1776 | D:3      | Reached skill level 5 in Axes
  2044 | D:3      | 2044 ||| READING scroll labeled ETITWE IP HIGG.
  2045 | D:3      | 2045 ||| READING scroll labeled OMYUGIXT TAZYN.
  2046 | D:3      | 2046 ||| READING 2 scrolls labeled HYEFISCH UNEST.
  2047 | D:3      | 2047 ||| DRINKING 2 fizzy red potions.
  2048 | D:3      | 2048 ||| DROPPING scroll of immolation.
  2049 | D:3      | 2049 ||| DROPPING potion of degeneration.
  2216 | D:4      | Noticed a giant frog
  2226 | D:4      | 2226 ||| ZAPPING wand of heal wounds (8).
  2228 | D:4      | Killed a giant frog
  2228 | D:4      | Reached XP level 5. HP: 39/46 MP: 6/8
  2274 | D:4      | Noticed Duvessa
  2277 | D:4      | 2277 ||| INVOKING Berserk.
  2282 | D:4      | Killed Duvessa
  2282 | D:4      | Reached skill level 3 in Fighting
  2282 | D:4      | Reached skill level 6 in Axes
  2282 | D:4      | Reached XP level 6. HP: 56/56 MP: 9/9
  2338 | D:4      | Found Fueskum's Food Emporium.
  2338 | D:4      | Noticed Pikel
  2339 | D:4      | 2339 ||| INVOKING Berserk.
  2348 | D:4      | Killed Pikel
  2348 | D:4      | Reached skill level 8 in Axes
  2348 | D:4      | Reached XP level 7. HP: 56/62 MP: 10/10
  2400 | D:4      | Bought a bread ration for 60 gold pieces
  2400 | D:4      | Bought a meat ration for 60 gold pieces
  2400 | D:4      | Bought a meat ration for 60 gold pieces
  2400 | D:4      | Bought a slice of pizza for 18 gold pieces
  2416 | D:4      | Noticed Dowan
  2425 | D:4      | Killed Dowan
  2505 | D:4      | 2505 ||| INVOKING Berserk.
  2529 | D:4      | 2529 ||| ZAPPING wand of heal wounds (7).
  2593 | D:4      | 2593 ||| ZAPPING wand of heal wounds (6).
  2598 | D:4      | 2598 ||| INVOKING Berserk.
  2602 | D:4      | Reached skill level 9 in Axes
  2602 | D:4      | Reached XP level 8. HP: 34/72 MP: 11/11
  2607 | D:4      | HP: 25/108 [gnoll/halberd (9)]
  2618 | D:4      | 2618 ||| ZAPPING wand of heal wounds (5).
  2652 | D:4      | Found a shattered altar of Ashenzari.
  2782 | D:4      | 2782 ||| INVOKING Berserk.
  2791 | D:4      | Reached *** piety under Trog
  2879 | D:4      | 2879 ||| UPGRADING to plate armour.
  2889 | D:4      | 2889 ||| DROPPING +0 scale mail.
  2903 | D:5      | Entered Level 5 of the Dungeon
  2909 | D:5      | 2909 ||| STAIRDANCE
  2922 | D:5      | 2922 ||| STAIRDANCE
  2943 | D:5      | 2943 ||| STAIRDANCE
  2950 | D:4      | 2950 ||| ZAPPING wand of heal wounds (4).
  2951 | D:4      | 2951 ||| READING scroll of recharging.
  2951 | D:4      | 2951 ||| RECHARGING wand of heal wounds (3).
  2977 | D:5      | Reached skill level 3 in Armour
  3124 | D:5      | Found a sparkling altar of Nemelex Xobeh.
  3315 | D:5      | 3315 ||| ZAPPING wand of heal wounds (8).
  3329 | D:5      | 3329 ||| ZAPPING wand of heal wounds (7).
  3409 | D:5      | Reached skill level 10 in Axes
  3426 | D:5      | 3426 ||| EATING 2 slices of pizza.
  3491 | D:5      | 3491 ||| INVOKING Berserk.
  3593 | D:5      | 3593 ||| ZAPPING wand of heal wounds (6).
  3675 | D:5      | 3675 ||| UPGRADING to pair of gloves.
  3680 | D:5      | 3680 ||| READING scroll labeled YTAAKO MUMO.
  3681 | D:5      | 3681 ||| READING scroll labeled BAMUZOAHENN.
  3682 | D:5      | 3682 ||| DRINKING 2 coppery potions.
  3683 | D:5      | 3683 ||| READING 2 scrolls of identify.
  3683 | D:5      | 3683 ||| IDENTIFYING sapphire ring
  3684 | D:5      | 3684 ||| UPGRADING to +3 ring of strength.
  3921 | D:6      | Found a staircase to the Ecumenical Temple.
  3943 | D:6      | 3943 ||| INVOKING Berserk.
  3991 | D:6      | Gained mutation: You passively map the area around you. [Deep Dwarf growth]
  3991 | D:6      | Reached XP level 9. HP: 42/81 MP: 12/12
  3992 | D:6      | 3992 ||| ZAPPING wand of heal wounds (5).
  4016 | D:6      | 4016 ||| EATING slice of pizza.
  4150 | D:6      | Got a fine chain mail
  4171 | D:6      | Reached skill level 11 in Axes
  4171 | D:6      | Reached skill level 3 in Dodging
  4230 | D:6      | 4230 ||| INVOKING Berserk.
  4232 | D:6      | Reached **** piety under Trog
  4560 | D:6      | 4560 ||| UPGRADING to fine chain mail.
  4570 | D:6      | Identified the +9 chain mail of Light {rC+} (You found it on level 6 of the Dungeon)
  4570 | D:6      | 4570 ||| DROPPING +0 plate armour.
  4571 | D:6      | 4571 ||| UPGRADING to ring of Robustness {AC+8}.
  4572 | D:6      | 4572 ||| READING scroll labeled ETWEVVAYMO.
  4573 | D:6      | 4573 ||| DRINKING 2 bubbling cyan potions.
  4574 | D:6      | 4574 ||| READING 3 scrolls of identify.
  4574 | D:6      | 4574 ||| IDENTIFYING glowing silver ring
  4575 | D:6      | 4575 ||| DROPPING ring of magical power.
  4576 | D:6      | 4576 ||| READING 2 scrolls of identify.
  4576 | D:6      | 4576 ||| IDENTIFYING lumpy purple potion
  4577 | D:6      | 4577 ||| DROPPING potion of agility.
  4578 | D:6      | 4578 ||| DROPPING potion of poison.
  4742 | D:7      | Noticed Joseph
  4762 | D:7      | 4762 ||| Stepping ~*~*~tactically~*~*~ (water).
  4764 | D:7      | 4764 ||| ZAPPING wand of heal wounds (4).
  4779 | D:7      | 4779 ||| Stepping ~*~*~tactically~*~*~ (water).
  4785 | D:7      | 4785 ||| DRINKING 2 potions of curing.
  4785 | D:7      | 4785 ||| (to cure confusion)
  4792 | D:7      | Killed Joseph
  4793 | D:7      | 4793 ||| READING scroll of recharging.
  4793 | D:7      | 4793 ||| RECHARGING wand of heal wounds (3).
  4899 | D:7      | 4899 ||| INVOKING Berserk.
  4912 | D:7      | 4912 ||| ZAPPING wand of heal wounds (6).
  5030 | D:7      | Reached skill level 12 in Axes
  5058 | D:7      | Reached skill level 6 in Fighting
  5309 | D:7      | Noticed Crazy Yiuf
  5312 | D:7      | 5312 ||| INVOKING Berserk.
  5314 | D:7      | Killed Crazy Yiuf
  5319 | D:7      | 5319 ||| EATING 3 fruits.
  5478 | D:7      | 5478 ||| UPGRADING to cloak.
  5483 | D:7      | 5483 ||| READING scroll labeled JAOWIE KIOT.
  5484 | D:7      | 5484 ||| READING scroll labeled MOTAOKHLEIN.
  5485 | D:7      | 5485 ||| DRINKING 2 murky brown potions.
  5491 | D:7      | 5491 ||| READING 6 scrolls of identify.
  5491 | D:7      | 5491 ||| IDENTIFYING dark potion
  5492 | D:7      | 5492 ||| READING 5 scrolls of identify.
  5492 | D:7      | 5492 ||| IDENTIFYING sedimented amethyst potion
  5493 | D:7      | 5493 ||| READING 4 scrolls of identify.
  5493 | D:7      | 5493 ||| IDENTIFYING sedimented grey potion
  5494 | D:7      | 5494 ||| READING 3 scrolls of identify.
  5494 | D:7      | 5494 ||| IDENTIFYING yellow potion
  5495 | D:7      | 5495 ||| DROPPING potion of brilliance.
  5496 | D:7      | 5496 ||| DROPPING potion of ambrosia.
  5497 | D:7      | 5497 ||| DROPPING potion of mutation.
  5498 | D:7      | 5498 ||| DROPPING potion of invisibility.
  5546 | D:8      | 5546 ||| STAIRDANCE
  5615 | D:8      | Reached XP level 10. HP: 84/92 MP: 13/13
  5692 | D:8      | Reached ***** piety under Trog
  5797 | D:8      | 5797 ||| UPGRADING to war axe.
  5798 | D:8      | 5798 ||| DROPPING +0 hand axe.
  5878 | D:8      | 5878 ||| ZAPPING wand of heal wounds (5).
  6091 | D:8      | Reached skill level 13 in Axes
  6228 | D:8      | 6228 ||| DRINKING 2 fizzy orange potions.
  6229 | D:8      | 6229 ||| READING 4 scrolls of identify.
  6229 | D:8      | 6229 ||| IDENTIFYING moonstone ring
  6230 | D:8      | 6230 ||| DROPPING ring of stealth.
  6231 | D:8      | 6231 ||| READING 3 scrolls of identify.
  6231 | D:8      | 6231 ||| IDENTIFYING cabochon ring
  6232 | D:8      | 6232 ||| DROPPING ring of wizardry.
  6233 | D:8      | 6233 ||| READING 2 scrolls of identify.
  6233 | D:8      | 6233 ||| IDENTIFYING blackened cabochon ring
  6234 | D:8      | 6234 ||| UPGRADING to ring of protection from fire.
  6254 | D:9      | 6254 ||| STAIRDANCE
  6263 | D:9      | 6263 ||| STAIRDANCE
  6265 | D:8      | 6265 ||| INVOKING Berserk.
  6370 | D:9      | Found a staircase to the Lair.
  6388 | D:9      | Received a gift from Trog
  6408 | D:9      | 6408 ||| DRINKING potion of heal wounds.
  6449 | D:9      | Found a shimmering altar of Xom.
  6839 | D:9      | 6839 ||| READING scroll labeled DOICOO ZUXT.
  6842 | D:9      | 6842 ||| READING scroll labeled POK NATOTEATZA.
  6843 | D:9      | 6843 ||| DROPPING wand of flame.
  6844 | D:9      | 6844 ||| DROPPING wand of draining.
  6854 | Lair:1   | Entered Level 1 of the Lair of Beasts
  6855 | Lair:1   | 6855 ||| Entered L.
  6858 | Lair:1   | 6858 ||| STAIRDANCE
  6870 | Lair:1   | 6870 ||| STAIRDANCE
  6888 | Lair:1   | 6888 ||| STAIRDANCE
  6898 | Lair:1   | 6898 ||| STAIRDANCE
  6960 | Lair:1   | 6960 ||| ZAPPING wand of heal wounds (4).
  6961 | Lair:1   | 6961 ||| READING scroll of recharging.
  6961 | Lair:1   | 6961 ||| RECHARGING wand of heal wounds (3).
  6962 | Lair:1   | Noticed endege's ghost (journeyman DDGl)
  6962 | Lair:1   | 6962 ||| INVOKING Brothers in Arms.
  6966 | Lair:1   | 6966 ||| INVOKING Berserk.
  6968 | Lair:1   | Killed endege's ghost
  7138 | Lair:1   | Found a glowing golden altar of the Shining One.
  7152 | Lair:1   | 7152 ||| INVOKING Berserk.
  7156 | Lair:1   | Reached skill level 14 in Axes
  7161 | Lair:1   | 7161 ||| ZAPPING wand of heal wounds (6).
  7198 | Lair:1   | 7198 ||| EATING 3 fruits.
  7256 | Lair:1   | 7256 ||| ZAPPING wand of heal wounds (5).
  7268 | Lair:1   | 7268 ||| ZAPPING wand of heal wounds (4).
  7269 | Lair:1   | 7269 ||| MP-RECHARGING wand of heal wounds (3).
  7445 | Lair:1   | 7445 ||| INVOKING Berserk.
  7452 | Lair:1   | Reached XP level 11. HP: 100/100 MP: 13/13
  7661 | Lair:1   | 7661 ||| READING scroll labeled NUWESUKHLO.
  7662 | Lair:1   | 7662 ||| READING scroll of identify.
  7662 | Lair:1   | 7662 ||| IDENTIFYING pearl ring
  7663 | Lair:1   | 7663 ||| DROPPING ring of invisibility.
  7752 | Lair:2   | 7752 ||| DRINKING potion of heal wounds.
  7825 | Lair:2   | 7825 ||| INVOKING Berserk.
  7946 | Lair:2   | Noticed Sonja
  7947 | Lair:2   | 7947 ||| INVOKING Brothers in Arms.
  7953 | Lair:2   | 7953 ||| INVOKING Berserk.
  7953 | Lair:2   | Killed Sonja
  7958 | Lair:2   | 7958 ||| ZAPPING wand of heal wounds (8).
  7959 | Lair:2   | 7959 ||| ZAPPING wand of heal wounds (7).
  7960 | Lair:2   | 7960 ||| DRINKING potion of curing.
  7960 | Lair:2   | 7960 ||| (to cure poison)
  8207 | Lair:2   | 8207 ||| INVOKING Berserk.
  8219 | Lair:2   | 8219 ||| EATING 10 bread rations.
  8344 | Lair:2   | Noticed a seven-headed hydra
  8344 | Lair:2   | 8344 ||| INVOKING Brothers in Arms.
  8345 | Lair:2   | 8345 ||| INVOKING Brothers in Arms.
  8348 | Lair:2   | 8348 ||| INVOKING Berserk.
  8351 | Lair:2   | Killed a ten-headed hydra
  8351 | Lair:2   | Reached skill level 15 in Axes
  8356 | Lair:2   | 8356 ||| ZAPPING wand of heal wounds (6).
  8420 | Lair:2   | 8420 ||| READING scroll labeled OMMALO HEDU.
  8421 | Lair:2   | 8421 ||| DRINKING 2 sedimented orange potions.
  8422 | Lair:2   | 8422 ||| READING 3 scrolls of identify.
  8422 | Lair:2   | 8422 ||| IDENTIFYING cyan potion
  8423 | Lair:2   | 8423 ||| DROPPING wand of cold.
  8453 | Lair:3   | 8453 ||| STAIRDANCE
  8466 | Lair:3   | 8466 ||| STAIRDANCE
  8478 | Lair:2   | 8478 ||| ZAPPING wand of heal wounds (5).
  8485 | Lair:3   | 8485 ||| STAIRDANCE
  8511 | Lair:3   | 8511 ||| STAIRDANCE
  8528 | Lair:2   | 8528 ||| ZAPPING wand of heal wounds (4).
  8529 | Lair:2   | 8529 ||| ZAPPING wand of heal wounds (3).
  8530 | Lair:2   | 8530 ||| MP-RECHARGING wand of heal wounds (2).
  8544 | Lair:3   | 8544 ||| STAIRDANCE
  8566 | Lair:3   | Found a glowing golden altar of the Shining One.
  8629 | Lair:3   | 8629 ||| INVOKING Brothers in Arms.
  8635 | Lair:3   | 8635 ||| INVOKING Berserk.
  8659 | Lair:3   | 8659 ||| READING scroll of teleportation.
  8922 | Lair:3   | Noticed Prince Ribbit
  8924 | Lair:3   | 8924 ||| INVOKING Berserk.
  8937 | Lair:3   | Killed Prince Ribbit
  8939 | Lair:3   | Reached skill level 16 in Axes
  8941 | Lair:3   | 8941 ||| READING scroll of teleportation.
  8944 | Lair:3   | 8944 ||| ZAPPING wand of heal wounds (7).
  9016 | Lair:3   | 9016 ||| INVOKING Berserk.
  9089 | Lair:3   | 9089 ||| INVOKING Berserk.
  9137 | Lair:3   | 9137 ||| EATING 2 fruits.
  9185 | Lair:3   | 9185 ||| INVOKING Berserk.
  9197 | Lair:3   | 9197 ||| EATING fruit.
  9214 | Lair:3   | 9214 ||| ZAPPING wand of heal wounds (6).
  9252 | Lair:3   | 9252 ||| INVOKING Berserk.
  9309 | Lair:3   | 9309 ||| EATING 3 slices of pizza.
  9332 | Lair:3   | Noticed Gastronok
  9345 | Lair:3   | 9345 ||| INVOKING Berserk.
  9358 | Lair:3   | Killed Gastronok
  9358 | Lair:3   | Reached skill level 6 in Dodging
  9358 | Lair:3   | Reached XP level 12. HP: 77/111 MP: 13/13
  9362 | Lair:3   | 9362 ||| ZAPPING wand of heal wounds (5).
  9363 | Lair:3   | 9363 ||| ZAPPING wand of heal wounds (4).
  9364 | Lair:3   | 9364 ||| MP-RECHARGING wand of heal wounds (3).
  9365 | Lair:3   | 9365 ||| MP-RECHARGING wand of heal wounds (3).
  9384 | Lair:3   | 9384 ||| EATING 2 slices of pizza.
  9590 | Lair:3   | Reached skill level 6 in Armour
  9591 | Lair:3   | 9591 ||| ZAPPING wand of heal wounds (8).
  9637 | Lair:3   | Noticed an eight-headed hydra
  9637 | Lair:3   | 9637 ||| INVOKING Brothers in Arms.
  9640 | Lair:3   | 9640 ||| INVOKING Brothers in Arms.
  9641 | Lair:3   | 9641 ||| INVOKING Berserk.
  9656 | Lair:3   | Killed a 19-headed hydra
  9659 | Lair:3   | 9659 ||| ZAPPING wand of heal wounds (7).
  9660 | Lair:3   | 9660 ||| ZAPPING wand of heal wounds (6).
  9661 | Lair:3   | 9661 ||| ZAPPING wand of heal wounds (5).
  9662 | Lair:3   | 9662 ||| EATING slice of pizza.
  9707 | Lair:3   | 9707 ||| UPGRADING to embroidered hat.
  9712 | Lair:3   | 9712 ||| UPGRADING to helmet.
  9722 | Lair:3   | 9722 ||| UPGRADING to +1 hat of see invisible.
  9732 | Lair:3   | 9732 ||| READING 2 scrolls of identify.
  9732 | Lair:3   | 9732 ||| IDENTIFYING pink potion
  9997 | Lair:4   | 9997 ||| ZAPPING wand of heal wounds (4).
  9998 | Lair:4   | 9998 ||| MP-RECHARGING wand of heal wounds (3).
 10480 | Lair:4   | 10480 ||| ZAPPING wand of heal wounds (9).
 10564 | Lair:4   | 10564 ||| EATING 8 beef jerkies.
 10663 | Lair:4   | 10663 ||| UPGRADING to pair of glowing gloves.
 10673 | Lair:4   | 10673 ||| DROPPING +0 pair of gloves.
 10728 | Lair:5   | 10728 ||| INVOKING Berserk.
 10732 | Lair:5   | 10732 ||| READING scroll of teleportation.
 10769 | Lair:5   | 10769 ||| EATING 7 beef jerkies.
 10866 | Lair:5   | 10866 ||| DRINKING potion of heal wounds.
 10954 | Lair:5   | 10954 ||| INVOKING Berserk.
 10959 | Lair:5   | Reached skill level 17 in Axes
 10973 | Lair:5   | 10973 ||| INVOKING Brothers in Arms.
 10977 | Lair:5   | 10977 ||| ZAPPING wand of heal wounds (8).
 10982 | Lair:5   | Received a gift from Trog
 10987 | Lair:5   | 10987 ||| ZAPPING wand of heal wounds (7).
 10988 | Lair:5   | 10988 ||| EATING 6 beef jerkies.
 11509 | Lair:5   | 11509 ||| UPGRADING to twisted bronze amulet.
 11510 | Lair:5   | 11510 ||| REMOVING amulet of stasis.
 11511 | Lair:5   | 11511 ||| DROPPING amulet of stasis.
 11705 | Lair:6   | Found a staircase to the Slime Pits.
 11711 | Lair:6   | Found a staircase to the Snake Pit.
 11714 | Lair:6   | 11714 ||| Stepping ~*~*~tactically~*~*~ (water).
 11720 | Lair:6   | 11720 ||| Stepping ~*~*~tactically~*~*~ (water).
 11734 | Lair:6   | 11734 ||| ZAPPING wand of heal wounds (6).
 11740 | Lair:6   | 11740 ||| Stepping ~*~*~tactically~*~*~ (water).
 11742 | Lair:6   | 11742 ||| Stepping ~*~*~tactically~*~*~ (water).
 11791 | Lair:6   | 11791 ||| UPGRADING to battleaxe.
 11792 | Lair:6   | 11792 ||| DROPPING +1 war axe.
 11937 | Lair:6   | Noticed an eight-headed hydra
 11938 | Lair:6   | 11938 ||| INVOKING Brothers in Arms.
 11939 | Lair:6   | 11939 ||| INVOKING Brothers in Arms.
 11941 | Lair:6   | 11941 ||| INVOKING Berserk.
 11945 | Lair:6   | Killed a 12-headed hydra
 12091 | Lair:6   | Noticed a seven-headed hydra
 12092 | Lair:6   | 12092 ||| INVOKING Brothers in Arms.
 12095 | Lair:6   | 12095 ||| INVOKING Berserk.
 12103 | Lair:6   | Killed a 12-headed hydra
 12108 | Lair:6   | 12108 ||| ZAPPING wand of heal wounds (5).
 12147 | Lair:6   | 12147 ||| EATING 5 beef jerkies.
 12156 | Lair:6   | Noticed a five-headed hydra
 12157 | Lair:6   | 12157 ||| INVOKING Brothers in Arms.
 12160 | Lair:6   | 12160 ||| INVOKING Berserk.
 12166 | Lair:6   | Killed an 11-headed hydra
 12214 | Lair:6   | 12214 ||| EATING 4 beef jerkies.
 12536 | Lair:6   | 12536 ||| ZAPPING wand of heal wounds (4).
 12537 | Lair:6   | 12537 ||| READING scroll of recharging.
 12537 | Lair:6   | 12537 ||| RECHARGING wand of heal wounds (3).
 12546 | Lair:6   | Found a staircase to the Shoals.
 12547 | Lair:6   | 12547 ||| Stepping ~*~*~tactically~*~*~ (water).
 12576 | Lair:6   | 12576 ||| ZAPPING wand of heal wounds (5).
 12646 | Lair:6   | 12646 ||| READING 6 scrolls of identify.
 12646 | Lair:6   | 12646 ||| IDENTIFYING sedimented silvery potion
 12647 | Lair:6   | 12647 ||| DROPPING potion of magic.
 12648 | Lair:6   | 12648 ||| DROPPING wand of slowing.
 12656 | Lair:7   | 12656 ||| STAIRDANCE
 12699 | Lair:7   | Reached skill level 9 in Fighting
 12717 | Lair:7   | 12717 ||| INVOKING Berserk.
 12728 | Lair:7   | Reached skill level 18 in Axes
 12728 | Lair:7   | Reached XP level 13. HP: 121/121 MP: 12/12
 12741 | Lair:7   | 12741 ||| ZAPPING wand of heal wounds (4).
 12742 | Lair:7   | 12742 ||| MP-RECHARGING wand of heal wounds (3).
 13039 | Lair:7   | 13039 ||| ZAPPING wand of heal wounds (8).
 13151 | Lair:7   | 13151 ||| READING scroll of enchant weapon.
 13151 | Lair:7   | 13151 ||| ENCHANTING +0 battleaxe.
 13245 | Lair:7   | 13245 ||| INVOKING Brothers in Arms.
 13248 | Lair:7   | 13248 ||| INVOKING Berserk.
 13348 | Lair:7   | 13348 ||| ZAPPING wand of heal wounds (7).
 13431 | Lair:7   | Found a blossoming altar of Fedhas.
 13444 | Lair:7   | 13444 ||| INVOKING Brothers in Arms.
 13445 | Lair:7   | 13445 ||| INVOKING Brothers in Arms.
 13446 | Lair:7   | 13446 ||| INVOKING Brothers in Arms.
 13447 | Lair:7   | 13447 ||| INVOKING Brothers in Arms.
 13635 | Lair:7   | 13635 ||| ZAPPING wand of heal wounds (6).
 13777 | Lair:7   | 13777 ||| READING 6 scrolls of identify.
 13777 | Lair:7   | 13777 ||| IDENTIFYING bubbling brown potion
 13778 | Lair:7   | 13778 ||| DRINKING potion of beneficial mutation.
 13778 | Lair:7   | Gained mutation: Your muscles are strong. (Str +2) [potion of beneficial mutation]
 13869 | Lair:8   | Entered Level 8 of the Lair of Beasts
 13871 | Lair:8   | 13871 ||| INVOKING Brothers in Arms.
 13874 | Lair:8   | 13874 ||| INVOKING Berserk.
 13874 | Lair:8   | Reached skill level 19 in Axes
 13972 | Lair:8   | 13972 ||| INVOKING Brothers in Arms.
 13974 | Lair:8   | 13974 ||| INVOKING Berserk.
 14092 | Lair:8   | 14092 ||| ZAPPING wand of heal wounds (5).
 14256 | Lair:8   | 14256 ||| INVOKING Brothers in Arms.
 14259 | Lair:8   | 14259 ||| INVOKING Berserk.
 14281 | Lair:8   | 14281 ||| ZAPPING wand of heal wounds (4).
 14282 | Lair:8   | 14282 ||| MP-RECHARGING wand of heal wounds (3).
 14500 | Lair:8   | Noticed Maud
 14506 | Lair:8   | 14506 ||| INVOKING Berserk.
 14521 | Lair:8   | Killed Maud
 14521 | Lair:8   | Reached skill level 20 in Axes
 14530 | Lair:8   | 14530 ||| ZAPPING wand of heal wounds (6).
 14531 | Lair:8   | 14531 ||| ZAPPING wand of heal wounds (5).
 14618 | Lair:8   | Gained mutation: You resist negative energy. [Deep Dwarf growth]
 14618 | Lair:8   | Reached XP level 14. HP: 112/132 MP: 11/11
 14757 | Lair:8   | 14757 ||| ZAPPING wand of heal wounds (4).
 14771 | Lair:8   | 14771 ||| ZAPPING wand of heal wounds (3).
 14772 | Lair:8   | 14772 ||| ZAPPING wand of heal wounds (2).
 14773 | Lair:8   | 14773 ||| MP-RECHARGING wand of heal wounds (1).
 15003 | Lair:8   | 15003 ||| ZAPPING wand of heal wounds (6).
 15129 | Lair:8   | 15129 ||| INVOKING Berserk.
 15194 | Lair:8   | 15194 ||| INVOKING Berserk.
 15195 | Lair:8   | Reached skill level 9 in Dodging
 15283 | Lair:8   | 15283 ||| INVOKING Berserk.
 15293 | Lair:8   | Reached skill level 9 in Armour
 15305 | Lair:8   | 15305 ||| ZAPPING wand of heal wounds (5).
 15310 | Lair:8   | 15310 ||| ZAPPING wand of teleportation.
 15347 | Lair:8   | Reached ****** piety under Trog
 15408 | Lair:8   | 15408 ||| INVOKING Trog's Hand.
 15560 | Lair:8   | Got a crude battleaxe
 15561 | Lair:8   | 15561 ||| UPGRADING to crude battleaxe.
 15561 | Lair:8   | Identified the +3 battleaxe of Iluts {pain, +Blink rN+ Str-4} (You found it on level 8 of the Lair of Beasts)
 15562 | Lair:8   | 15562 ||| DROPPING +1 battleaxe.
 15692 | Lair:8   | 15692 ||| UPGRADING to glowing cloak.
 15702 | Lair:8   | 15702 ||| DROPPING +0 cloak.
 15703 | Lair:8   | 15703 ||| UPGRADING to dented crystal amulet.
 15704 | Lair:8   | 15704 ||| READING 5 scrolls of identify.
 15704 | Lair:8   | 15704 ||| IDENTIFYING wand of teleportation {zapped: 3}
 15906 | D:10     | Entered Level 10 of the Dungeon
 15990 | D:10     | Noticed DEFE's ghost (journeyman SpFi)
 15990 | D:10     | 15990 ||| INVOKING Brothers in Arms.
 15993 | D:10     | 15993 ||| INVOKING Berserk.
 16002 | D:10     | Killed DEFE's ghost
 16296 | D:10     | 16296 ||| INVOKING Trog's Hand.
 16342 | D:10     | Found a staircase to the Orcish Mines.
 16343 | D:10     | Found Opoytel's Weapon Shop.
 16380 | D:10     | 16380 ||| READING 7 scrolls of identify.
 16380 | D:10     | 16380 ||| IDENTIFYING inky potion
 16806 | D:10     | 16806 ||| DROPPING wand of frost.
 16807 | D:10     | 16807 ||| DROPPING potion of lignification.
 16808 | D:10     | 16808 ||| DROPPING wand of paralysis.
 16865 | Orc:1    | Entered Level 1 of the Orcish Mines
 16866 | Orc:1    | 16866 ||| Entered O.
 16868 | Orc:1    | 16868 ||| STAIRDANCE
 16870 | D:10     | Received a gift from Trog
 16873 | Orc:1    | 16873 ||| STAIRDANCE
 16932 | Orc:1    | Found a roughly hewn altar of Beogh.
 17002 | Orc:2    | 17002 ||| STAIRDANCE
 17003 | Orc:2    | Noticed Urug
 17013 | Orc:2    | 17013 ||| STAIRDANCE
 17028 | Orc:2    | 17028 ||| STAIRDANCE
 17045 | Orc:2    | 17045 ||| STAIRDANCE
 17064 | Orc:2    | Killed Urug
 17141 | Orc:2    | 17141 ||| INVOKING Trog's Hand.
 17467 | Orc:2    | Received a gift from Trog
 17468 | Orc:2    | Got a bone battleaxe {god gift}
 17469 | Orc:2    | 17469 ||| UPGRADING to bone battleaxe {god gift}.
 17469 | Orc:2    | Identified the +2 battleaxe of Exoneration {chop, MR+} (Trog gifted it to you on level 2 of the Orcish Mines)
 17470 | Orc:2    | 17470 ||| DROPPING +3 battleaxe of Iluts {pain, +Blink rN+ Str-4}.
 17495 | Orc:2    | 17495 ||| INVOKING Trog's Hand.
 18182 | Orc:3    | Received a gift from Trog
 18292 | Orc:3    | Found a staircase to the Elven Halls.
 18396 | Orc:3    | You fall through a shaft!
 18396 | Orc:4    | Entered Level 4 of the Orcish Mines
 18397 | Orc:4    | 18397 ||| Shafted from Orc:3 to Orc:4.
 18408 | Orc:3    | 18408 ||| Successfully unshafted to Orc:3.
 18536 | Orc:3    | 18536 ||| INVOKING Berserk.
 18549 | Orc:3    | 18549 ||| INVOKING Trog's Hand.
 18631 | Orc:3    | 18631 ||| UPGRADING to glowing broad axe.
 18632 | Orc:3    | 18632 ||| UPGRADING to +2 battleaxe of Exoneration {chop, MR+}.
 18633 | Orc:3    | 18633 ||| DROPPING +0 broad axe of electrocution.
 18653 | Orc:3    | 18653 ||| ZAPPING wand of heal wounds (4).
 18676 | Orc:3    | 18676 ||| ZAPPING wand of heal wounds (3).
 18685 | Orc:3    | 18685 ||| MP-RECHARGING wand of heal wounds (2).
 18686 | Orc:3    | 18686 ||| MP-RECHARGING wand of heal wounds (2).
 18690 | Orc:3    | 18690 ||| INVOKING Trog's Hand.
 19212 | Orc:3    | 19212 ||| READING scroll labeled FUPHESCHOMOV.
 19213 | Orc:3    | 19213 ||| INVOKING Trog's Hand.
 19323 | Orc:4    | 19323 ||| INVOKING Trog's Hand.
 19377 | Orc:4    | Received a gift from Trog
 19378 | Orc:4    | Found Mabo's Distillery.
 19381 | Orc:4    | Found Lohe's Food Shoppe.
 19387 | Orc:4    | 19387 ||| INVOKING Berserk.
 19400 | Orc:4    | Reached XP level 15. HP: 140/140 MP: 10/10
 19432 | Orc:4    | 19432 ||| EATING 4 beef jerkies.
 19433 | Orc:4    | 19433 ||| INVOKING Trog's Hand.
 19567 | Orc:4    | Bought a meat ration for 50 gold pieces
 19567 | Orc:4    | Bought a meat ration for 50 gold pieces
 19567 | Orc:4    | Bought a bread ration for 50 gold pieces
 19567 | Orc:4    | Bought a bread ration for 50 gold pieces
 19567 | Orc:4    | Bought a meat ration for 50 gold pieces
 19567 | Orc:4    | Bought a bread ration for 50 gold pieces
 19567 | Orc:4    | Bought a meat ration for 50 gold pieces
 19567 | Orc:4    | Bought a slice of pizza for 15 gold pieces
 19567 | Orc:4    | Bought a bread ration for 50 gold pieces
 19567 | Orc:4    | Bought 5 fruits for 75 gold pieces
 19569 | Orc:4    | Bought a potion of curing for 51 gold pieces
 19569 | Orc:4    | Bought a potion of might for 68 gold pieces
 19569 | Orc:4    | Bought a potion of haste for 170 gold pieces
 19583 | Orc:4    | 19583 ||| INVOKING Trog's Hand.
 19585 | Orc:4    | 19585 ||| INVOKING Berserk.
 19617 | Orc:4    | 19617 ||| ZAPPING wand of teleportation (3).
 19770 | Orc:4    | 19770 ||| INVOKING Brothers in Arms.
 19774 | Orc:4    | 19774 ||| INVOKING Berserk.
 19796 | Orc:4    | 19796 ||| EATING 3 beef jerkies.
 19961 | Orc:4    | Found a roughly hewn altar of Beogh.
 20285 | Orc:4    | Received a gift from Trog
 20287 | Orc:4    | 20287 ||| UPGRADING to runed executioner's axe {god gift}.
 20288 | Orc:4    | 20288 ||| UPGRADING to +2 battleaxe of Exoneration {chop, MR+}.
 20289 | Orc:4    | 20289 ||| DROPPING +1 antimagic executioner's axe.
 20439 | Orc:4    | 20439 ||| INVOKING Brothers in Arms.
 20440 | Orc:4    | 20440 ||| INVOKING Berserk.
 20482 | Orc:4    | 20482 ||| ZAPPING wand of teleportation (2).
 20487 | Orc:4    | 20487 ||| INVOKING Trog's Hand.
 20558 | Orc:4    | 20558 ||| INVOKING Trog's Hand.
 20559 | Orc:4    | 20559 ||| INVOKING Berserk.
 20632 | Orc:4    | Found Rymiq's Antique Armour Shop.
 20632 | Orc:4    | Found Dazyvul's Book Boutique.
 20633 | Orc:4    | Found a one-way gate leading to the halls of Pandemonium.
 20635 | Orc:4    | Bought a steaming plate armour for 616 gold pieces
 20635 | Orc:4    | Bought a pair of embroidered gloves for 99 gold pieces
 20657 | Orc:4    | 20657 ||| INVOKING Trog's Hand.
 20720 | Orc:4    | 20720 ||| UPGRADING to steaming plate armour.
 20730 | Orc:4    | Identified the +1 plate armour of the Moneychanger {rPois Dex+2} (You bought it in a shop on level 4 of the Orcish Mines)
 20730 | Orc:4    | 20730 ||| UPGRADING to +9 chain mail of Light {rC+}.
 20740 | Orc:4    | 20740 ||| UPGRADING to pair of embroidered gloves.
 20750 | Orc:4    | 20750 ||| DROPPING +2 pair of gloves of strength.
 20751 | Orc:4    | 20751 ||| DROPPING 8 tomahawks.
 20973 | D:11     | Noticed Grum
 20988 | D:11     | Killed Grum
 21488 | D:11     | Found Rusk's Gadget Shoppe.
 21498 | D:11     | Bought a wand of teleportation (3) for 273 gold pieces
 21598 | D:11     | Received a gift from Trog
 22047 | D:11     | 22047 ||| READING scroll labeled APUIFU NYZOAS.
 22065 | D:12     | 22065 ||| INVOKING Brothers in Arms.
 22067 | D:12     | 22067 ||| INVOKING Berserk.
 22230 | D:12     | Noticed Psyche
 22241 | D:12     | Killed Psyche
 22241 | D:12     | Reached skill level 12 in Dodging
 22297 | D:12     | Reached skill level 12 in Armour
 22301 | D:12     | 22301 ||| INVOKING Trog's Hand.
 22433 | D:12     | Found Vapuiske's Weapon Boutique.
 22628 | D:12     | Reached skill level 12 in Fighting
 22820 | D:12     | 22820 ||| UPGRADING to scratched marble ring.
 22822 | D:12     | 22822 ||| READING 8 scrolls of remove curse.
 22823 | D:12     | 22823 ||| REMOVING ring of teleportation.
 22824 | D:12     | 22824 ||| UPGRADING to +3 ring of strength.
 22825 | D:12     | 22825 ||| DROPPING ring of teleportation.
 22826 | D:12     | 22826 ||| UPGRADING to ring of protection from fire.
 22886 | D:13     | 22886 ||| READING scroll of recharging.
 22886 | D:13     | 22886 ||| RECHARGING wand of teleportation (3).
 22902 | D:13     | Received a gift from Trog
 22904 | D:13     | 22904 ||| UPGRADING to glowing executioner's axe {god gift}.
 22905 | D:13     | 22905 ||| UPGRADING to +2 battleaxe of Exoneration {chop, MR+}.
 22906 | D:13     | 22906 ||| DROPPING +2 executioner's axe of freezing.
 23308 | D:13     | 23308 ||| INVOKING Trog's Hand.
 23552 | D:13     | 23552 ||| READING 3 scrolls labeled IXEQOY GIAW.
 23553 | D:13     | 23553 ||| DROPPING 2 scrolls of fear.
 23575 | D:14     | 23575 ||| INVOKING Trog's Hand.
 23779 | D:14     | Found a shimmering altar of Xom.
 23806 | D:14     | Paralysed by a wasp for 3 turns
 23933 | D:14     | Found a sparkling altar of Nemelex Xobeh.
 23943 | D:14     | 23943 ||| READING scroll of enchant armour.
 23943 | D:14     | 23943 ||| ENCHANTING +1 hat of see invisible.
 23972 | D:14     | 23972 ||| EATING 10 beef jerkies.
 24011 | D:14     | 24011 ||| INVOKING Trog's Hand.
 24014 | D:14     | 24014 ||| INVOKING Berserk.
 24041 | D:14     | 24041 ||| ZAPPING wand of teleportation (6).
 24053 | D:14     | 24053 ||| INVOKING Trog's Hand.
 24054 | D:14     | 24054 ||| EATING 9 beef jerkies.
 24056 | D:14     | 24056 ||| Stepping ~*~*~tactically~*~*~ (water).
 24139 | D:14     | 24139 ||| INVOKING Brothers in Arms.
 24141 | D:14     | 24141 ||| INVOKING Berserk.
 24375 | D:14     | Found a gate to the Vaults.
 24433 | D:14     | Received a gift from Trog
 24777 | D:14     | 24777 ||| DROPPING +0 helmet.
 24794 | D:14     | 24794 ||| INVOKING Berserk.
 24807 | D:14     | 24807 ||| ZAPPING wand of teleportation (5).
 24811 | D:14     | 24811 ||| EATING 8 beef jerkies.
 24826 | D:14     | 24826 ||| ZAPPING wand of teleportation (4).
 24849 | D:15     | Entered Level 15 of the Dungeon
 25007 | D:15     | Got a crude granite ring
 25070 | D:15     | Reached XP level 16. HP: 126/154 MP: 3/11
 25174 | D:15     | Noticed Roxanne
 25175 | D:15     | 25175 ||| INVOKING Brothers in Arms.
 25181 | D:15     | 25181 ||| INVOKING Berserk.
 25187 | D:15     | Killed Roxanne
 25194 | D:15     | 25194 ||| DRINKING 4 potions of heal wounds.
 25195 | D:15     | 25195 ||| DRINKING 3 potions of heal wounds.
 25196 | D:15     | 25196 ||| EATING 7 beef jerkies.
 25288 | D:15     | 25288 ||| INVOKING Berserk.
 25319 | D:15     | 25319 ||| EATING 6 beef jerkies.
 25422 | D:15     | Found a staircase to the Depths.
 25429 | D:15     | 25429 ||| DRINKING 2 potions of heal wounds.
 25782 | D:15     | 25782 ||| UPGRADING to crude granite ring.
 25783 | D:15     | Identified the ring of the Madman {rC+ Int+4 SInv} (You found it on level 15 of the Dungeon)
 25784 | D:15     | 25784 ||| UPGRADING to ring of protection from fire.
 25786 | D:15     | 25786 ||| DROPPING wand of lightning.
 25903 | D:11     | 25903 ||| EATING 5 beef jerkies.
 26177 | Snake:1  | Entered Level 1 of the Snake Pit
 26178 | Snake:1  | 26178 ||| Entered P.
 26178 | Snake:1  | 26178 ||| STAIRDANCE
 26382 | Snake:1  | 26382 ||| EATING 4 beef jerkies.
 26582 | Snake:1  | 26582 ||| INVOKING Trog's Hand.
 26774 | Snake:1  | 26774 ||| INVOKING Berserk.
 26777 | Snake:1  | Received a gift from Trog
 26788 | Snake:1  | 26788 ||| DRINKING 2 potions of heal wounds.
 26819 | Snake:1  | 26819 ||| UPGRADING to glowing executioner's axe {god gift}.
 26820 | Snake:1  | 26820 ||| UPGRADING to +2 battleaxe of Exoneration {chop, MR+}.
 26821 | Snake:1  | 26821 ||| DROPPING +2 antimagic executioner's axe.
 26866 | Snake:1  | 26866 ||| READING 10 scrolls of identify.
 26866 | Snake:1  | 26866 ||| IDENTIFYING sedimented purple potion
 26867 | Snake:1  | 26867 ||| DROPPING potion of berserk rage.
 26966 | Snake:2  | Noticed Aizul
 26967 | Snake:2  | 26967 ||| INVOKING Trog's Hand.
 26968 | Snake:2  | Noticed Frances
 26968 | Snake:2  | 26968 ||| INVOKING Brothers in Arms.
 26969 | Snake:2  | 26969 ||| INVOKING Berserk.
 26987 | Snake:2  | Killed Aizul
 26992 | Snake:2  | 26992 ||| ZAPPING wand of teleportation (3).
 26997 | Snake:2  | 26997 ||| ZAPPING wand of teleportation (2).
 26998 | Snake:2  | 26998 ||| DRINKING potion of heal wounds.
 27000 | Snake:2  | 27000 ||| EATING 17 bread rations.
 27003 | Snake:2  | 27003 ||| ZAPPING wand of heal wounds (5).
 27005 | Snake:2  | 27005 ||| ZAPPING wand of teleportation (1).
 27006 | Snake:2  | 27006 ||| ZAPPING wand of heal wounds (4).
 27007 | Snake:2  | 27007 ||| ZAPPING wand of teleportation (1).
 27008 | Snake:2  | 27008 ||| DRINKING 9 potions of curing.
 27008 | Snake:2  | 27008 ||| (to cure bad poison)
 27009 | Snake:2  | 27009 ||| ZAPPING wand of heal wounds (3).
 27010 | Snake:2  | 27010 ||| ZAPPING wand of heal wounds (2).
 27011 | Snake:2  | 27011 ||| ZAPPING wand of heal wounds (1).
 27012 | Snake:2  | 27012 ||| MP-RECHARGING wand of heal wounds (0).
 27013 | Snake:2  | 27013 ||| ZAPPING wand of heal wounds (5).
 27036 | Snake:2  | 27036 ||| INVOKING Brothers in Arms.
 27043 | Snake:2  | 27043 ||| INVOKING Berserk.
 27056 | Snake:2  | Killed Frances
 27061 | Snake:2  | 27061 ||| ZAPPING wand of heal wounds (4).
 27062 | Snake:2  | 27062 ||| MP-RECHARGING wand of heal wounds (3).
 27098 | Snake:2  | 27098 ||| INVOKING Brothers in Arms.
 27102 | Snake:2  | 27102 ||| INVOKING Berserk.
 27164 | Snake:2  | 27164 ||| UPGRADING to uncursed runed battleaxe.
 27165 | Snake:2  | 27165 ||| UPGRADING to +2 battleaxe of Exoneration {chop, MR+}.
 27166 | Snake:2  | 27166 ||| DROPPING +4 battleaxe.
 27211 | Snake:2  | Received a gift from Trog
 27216 | Snake:2  | 27216 ||| ZAPPING wand of heal wounds (7).
 27219 | Snake:2  | 27219 ||| ZAPPING wand of heal wounds (6).
 27220 | Snake:2  | 27220 ||| ZAPPING wand of heal wounds (5).
 27225 | Snake:2  | 27225 ||| UPGRADING to glowing battleaxe {god gift}.
 27226 | Snake:2  | 27226 ||| DROPPING +2 battleaxe of Exoneration {chop, MR+}.
 27227 | Snake:2  | 27227 ||| READING 3 scrolls of enchant weapon.
 27227 | Snake:2  | 27227 ||| ENCHANTING +5 battleaxe of chopping.
 27228 | Snake:2  | 27228 ||| READING 2 scrolls of enchant weapon.
 27228 | Snake:2  | 27228 ||| ENCHANTING +6 battleaxe of chopping.
 27229 | Snake:2  | 27229 ||| READING scroll of enchant weapon.
 27229 | Snake:2  | 27229 ||| ENCHANTING +7 battleaxe of chopping.
 27265 | Snake:2  | 27265 ||| ZAPPING wand of heal wounds (4).
 27266 | Snake:2  | 27266 ||| MP-RECHARGING wand of heal wounds (3).
 27267 | Snake:2  | 27267 ||| EATING 3 beef jerkies.
 27274 | Snake:2  | Found Suzxossa's Armour Boutique.
 27332 | Snake:2  | 27332 ||| INVOKING Berserk.
 27345 | Snake:2  | 27345 ||| ZAPPING wand of heal wounds (6).
 27346 | Snake:2  | 27346 ||| ZAPPING wand of heal wounds (5).
 27349 | Snake:2  | 27349 ||| ZAPPING wand of heal wounds (4).
 27350 | Snake:2  | 27350 ||| MP-RECHARGING wand of heal wounds (3).
 27422 | Snake:2  | 27422 ||| EATING 2 beef jerkies.
 27444 | Snake:2  | 27444 ||| INVOKING Berserk.
 27454 | Snake:2  | 27454 ||| ZAPPING wand of heal wounds (9).
 27629 | Snake:2  | 27629 ||| ZAPPING wand of heal wounds (8).
 27796 | Snake:2  | 27796 ||| INVOKING Berserk.
 27804 | Snake:2  | Received a gift from Trog
 27930 | Snake:2  | 27930 ||| INVOKING Berserk.
 27941 | Snake:2  | 27941 ||| INVOKING Trog's Hand.
 27966 | Snake:2  | 27966 ||| EATING beef jerky.
 28126 | Snake:2  | 28126 ||| DROPPING wand of teleportation (0).
 28209 | Snake:3  | 28209 ||| INVOKING Berserk.
 28219 | Snake:3  | 28219 ||| EATING 4 slices of pizza.
 28270 | Snake:3  | 28270 ||| INVOKING Berserk.
 28291 | Snake:3  | 28291 ||| READING 6 scrolls of teleportation.
 28295 | Snake:3  | 28295 ||| ZAPPING wand of heal wounds (7).
 28296 | Snake:3  | 28296 ||| EATING 3 slices of pizza.
 28380 | Snake:3  | Reached XP level 17. HP: 105/166 MP: 8/8
 28381 | Snake:3  | 28381 ||| INVOKING Berserk.
 28383 | Snake:3  | Noticed Wiglaf
 28389 | Snake:3  | 28389 ||| READING 5 scrolls of teleportation.
 28394 | Snake:3  | 28394 ||| ZAPPING wand of heal wounds (6).
 28395 | Snake:3  | 28395 ||| ZAPPING wand of heal wounds (5).
 28470 | Snake:3  | 28470 ||| INVOKING Berserk.
 28477 | Snake:3  | Killed Wiglaf
 28526 | Snake:3  | 28526 ||| DRINKING potion of beneficial mutation.
 28526 | Snake:3  | Gained mutation: You have a pair of small horns on your head. [potion of beneficial mutation]
 28603 | Snake:3  | 28603 ||| INVOKING Trog's Hand.
 28684 | Snake:3  | 28684 ||| ZAPPING wand of heal wounds (4).
 28688 | Snake:3  | 28688 ||| ZAPPING wand of heal wounds (3).
 28689 | Snake:3  | 28689 ||| ZAPPING wand of heal wounds (2).
 28690 | Snake:3  | 28690 ||| ZAPPING wand of heal wounds (1).
 28691 | Snake:3  | 28691 ||| MP-RECHARGING wand of heal wounds (0).
 28692 | Snake:3  | 28692 ||| ZAPPING wand of heal wounds (5).
 28695 | Snake:3  | 28695 ||| ZAPPING wand of heal wounds (4).
 28706 | Snake:3  | 28706 ||| ZAPPING wand of heal wounds (3).
 28711 | Snake:3  | Received a gift from Trog
 28717 | Snake:3  | 28717 ||| ZAPPING wand of heal wounds (2).
 28718 | Snake:3  | 28718 ||| MP-RECHARGING wand of heal wounds (1).
 28726 | Snake:3  | 28726 ||| INVOKING Trog's Hand.
 28776 | Snake:3  | 28776 ||| UPGRADING to runed battleaxe {god gift}.
 28777 | Snake:3  | 28777 ||| UPGRADING to +8 battleaxe of chopping.
 28778 | Snake:3  | 28778 ||| DROPPING +2 battleaxe of flaming.
 28797 | Snake:3  | 28797 ||| INVOKING Berserk.
 28953 | Snake:3  | 28953 ||| INVOKING Trog's Hand.
 29087 | Snake:3  | 29087 ||| UPGRADING to runed cloak.
 29097 | Snake:3  | 29097 ||| UPGRADING to +2 cloak.
 29107 | Snake:3  | 29107 ||| DROPPING +0 cloak of invisibility.
 29108 | Snake:3  | 29108 ||| DROPPING wand of invisibility.
 29145 | Snake:4  | Entered Level 4 of the Snake Pit
 29157 | Snake:4  | 29157 ||| INVOKING Berserk.
 29168 | Snake:4  | 29168 ||| READING 4 scrolls of teleportation.
 29171 | Snake:4  | 29171 ||| ZAPPING wand of heal wounds (4).
 29172 | Snake:4  | 29172 ||| ZAPPING wand of heal wounds (3).
 29173 | Snake:4  | 29173 ||| MP-RECHARGING wand of heal wounds (2).
 29174 | Snake:4  | 29174 ||| EATING 3 slices of pizza.
 29272 | Snake:4  | 29272 ||| INVOKING Trog's Hand.
 29304 | Snake:4  | 29304 ||| ZAPPING wand of heal wounds (7).
 29305 | Snake:4  | 29305 ||| EATING 2 slices of pizza.
 29351 | Snake:4  | 29351 ||| INVOKING Berserk.
 29370 | Snake:4  | 29370 ||| ZAPPING wand of heal wounds (6).
 29380 | Snake:4  | Found a snail-covered altar of Cheibriados.
 29381 | Snake:4  | 29381 ||| READING 3 scrolls of teleportation.
 29384 | Snake:4  | 29384 ||| ZAPPING wand of heal wounds (5).
 29442 | Snake:4  | 29442 ||| INVOKING Berserk.
 29448 | Snake:4  | Received a gift from Trog
 29452 | Snake:4  | 29452 ||| READING 2 scrolls of teleportation.
 29455 | Snake:4  | 29455 ||| READING scroll of teleportation.
 29456 | Snake:4  | 29456 ||| MP-RECHARGING wand of teleportation (0).
 29467 | Snake:4  | 29467 ||| INVOKING Trog's Hand.
 29503 | Snake:4  | 29503 ||| INVOKING Berserk.
 29557 | Snake:4  | Found a shattered altar of Ashenzari.
 29606 | Snake:4  | 29606 ||| INVOKING Berserk.
 29621 | Snake:4  | 29621 ||| INVOKING Trog's Hand.
 29623 | Snake:4  | 29623 ||| EATING slice of pizza.
 29688 | Snake:4  | 29688 ||| UPGRADING to runed battleaxe {god gift}.
 29688 | Snake:4  | 29688 ||| Eating in order to wield vampiric weapon.
 29688 | Snake:4  | 29688 ||| EATING 15 fruits.
 29689 | Snake:4  | 29689 ||| Eating in order to wield vampiric weapon.
 29689 | Snake:4  | 29689 ||| EATING 14 fruits.
 29690 | Snake:4  | 29690 ||| Eating in order to wield vampiric weapon.
 29690 | Snake:4  | 29690 ||| EATING 13 fruits.
 29691 | Snake:4  | 29691 ||| Eating in order to wield vampiric weapon.
 29691 | Snake:4  | 29691 ||| EATING 12 fruits.
 29692 | Snake:4  | 29692 ||| Eating in order to wield vampiric weapon.
 29692 | Snake:4  | 29692 ||| EATING 11 fruits.
 29693 | Snake:4  | 29693 ||| UPGRADING to vampiric battleaxe {god gift}.
 29694 | Snake:4  | 29694 ||| DROPPING +8 battleaxe of chopping.
 29773 | Snake:4  | 29773 ||| INVOKING Berserk.
 29781 | Snake:4  | Reached skill level 15 in Dodging
 29804 | Snake:4  | 29804 ||| ZAPPING wand of teleportation (5).
 29833 | Snake:4  | Reached skill level 15 in Armour
 29863 | Snake:4  | 29863 ||| INVOKING Berserk.
 29868 | Snake:4  | Reached skill level 15 in Fighting
 29879 | Snake:4  | 29879 ||| ZAPPING wand of teleportation (4).
 29894 | Snake:4  | 29894 ||| EATING 10 fruits.
 29895 | Snake:4  | 29895 ||| EATING 9 fruits.
 29957 | Snake:4  | Received a gift from Trog
 29970 | Snake:4  | 29970 ||| DRINKING 9 potions of curing.
 29970 | Snake:4  | 29970 ||| (to cure poison)
 30012 | Snake:4  | 30012 ||| INVOKING Berserk.
 30034 | Snake:4  | 30034 ||| EATING 8 fruits.
 30064 | Snake:4  | 30064 ||| EATING 7 fruits.
 30073 | Snake:4  | 30073 ||| INVOKING Berserk.
 30087 | Snake:4  | 30087 ||| ZAPPING wand of teleportation (3).
 30089 | Snake:4  | 30089 ||| EATING 6 fruits.
 30170 | Snake:4  | 30170 ||| INVOKING Berserk.
 30175 | Snake:4  | 30175 ||| EATING 5 fruits.
 30197 | Snake:4  | 30197 ||| ZAPPING wand of teleportation (2).
 30202 | Snake:4  | 30202 ||| ZAPPING wand of teleportation (1).
 30203 | Snake:4  | 30203 ||| MP-RECHARGING wand of teleportation (0).
 30205 | Snake:4  | 30205 ||| EATING 4 fruits.
 30206 | Snake:4  | 30206 ||| INVOKING Trog's Hand.
 30213 | Snake:4  | 30213 ||| INVOKING Trog's Hand.
 30268 | Snake:4  | 30268 ||| INVOKING Berserk.
 30276 | Snake:4  | 30276 ||| EATING 3 fruits.
 30312 | Snake:4  | Reached skill level 6 in Evocations
 30313 | Snake:4  | 30313 ||| EATING 2 fruits.
 30327 | Snake:4  | 30327 ||| INVOKING Berserk.
 30354 | Snake:4  | 30354 ||| EATING fruit.
 30355 | Snake:4  | 30355 ||| INVOKING Trog's Hand.
 30386 | Snake:4  | 30386 ||| INVOKING Berserk.
 30399 | Snake:4  | 30399 ||| EATING 13 royal jellies.
 30431 | Snake:4  | 30431 ||| ZAPPING wand of teleportation (4).
 30554 | Snake:4  | 30554 ||| INVOKING Berserk.
 30564 | Snake:4  | 30564 ||| EATING 12 royal jellies.
 30607 | Snake:4  | 30607 ||| INVOKING Berserk.
 30611 | Snake:4  | Gained mutation: You passively map a large area around you. [Deep Dwarf growth]
 30611 | Snake:4  | Reached XP level 18. HP: 178/178 MP: 6/6
 30682 | Snake:4  | 30682 ||| EATING 11 royal jellies.
 30747 | Snake:4  | 30747 ||| INVOKING Berserk.
 30754 | Snake:4  | 30754 ||| ZAPPING wand of teleportation (3).
 30802 | Snake:4  | 30802 ||| INVOKING Berserk.
 30818 | Snake:4  | 30818 ||| EATING 10 royal jellies.
 30914 | Snake:4  | 30914 ||| INVOKING Berserk.
 30939 | Snake:4  | 30939 ||| EATING 9 royal jellies.
 30981 | Snake:4  | 30981 ||| INVOKING Berserk.
 31022 | Snake:4  | 31022 ||| INVOKING Berserk.
 31043 | Snake:4  | 31043 ||| EATING 8 royal jellies.
 31046 | Snake:4  | 31046 ||| ZAPPING wand of teleportation (2).
 31075 | Snake:4  | 31075 ||| INVOKING Brothers in Arms.
 31080 | Snake:4  | 31080 ||| INVOKING Berserk.
 31176 | Snake:4  | 31176 ||| INVOKING Berserk.
 31182 | Snake:4  | 31182 ||| EATING 7 royal jellies.
 31237 | Snake:4  | Got a serpentine rune of Zot
 31388 | Snake:4  | 31388 ||| INVOKING Berserk.
 31409 | Snake:4  | Received a gift from Trog
 31428 | Snake:4  | 31428 ||| ZAPPING wand of teleportation (1).
 31432 | Snake:4  | 31432 ||| EATING 6 royal jellies.
 31435 | Snake:4  | 31435 ||| INVOKING Trog's Hand.
 31781 | Snake:4  | 31781 ||| INVOKING Berserk.
 31924 | Snake:4  | 31924 ||| INVOKING Berserk.
 31941 | Snake:4  | 31941 ||| READING scroll of teleportation.
 31942 | Snake:4  | 31942 ||| MP-RECHARGING wand of teleportation (0).
 31945 | Snake:4  | 31945 ||| EATING 5 royal jellies.
 32052 | Snake:4  | 32052 ||| INVOKING Berserk.
 32111 | Snake:4  | 32111 ||| DROPPING wand of random effects.
 32256 | Snake:2  | 32256 ||| EATING 4 royal jellies.
 32704 | Vaults:1 | Entered Level 1 of the Vaults
 32705 | Vaults:1 | 32705 ||| Entered V.
 32741 | Vaults:1 | 32741 ||| INVOKING Trog's Hand.
 32748 | Vaults:1 | Received a gift from Trog
 32821 | Vaults:1 | 32821 ||| EATING fruit.
 32891 | Vaults:1 | Found Timpin's Magic Scroll Emporium.
 32899 | Vaults:1 | Bought a scroll of remove curse for 51 gold pieces
 32899 | Vaults:1 | Bought a scroll of identify for 34 gold pieces
 32899 | Vaults:1 | Bought a scroll of teleportation for 51 gold pieces
 32912 | Vaults:1 | 32912 ||| READING scroll of enchant weapon.
 32912 | Vaults:1 | 32912 ||| ENCHANTING +5 vampiric battleaxe.
 32955 | Vaults:1 | 32955 ||| INVOKING Trog's Hand.
 33011 | Vaults:1 | 33011 ||| INVOKING Trog's Hand.
 33418 | Vaults:1 | 33418 ||| INVOKING Berserk.
 33429 | Vaults:1 | Received a gift from Trog
 33798 | Vaults:1 | 33798 ||| INVOKING Trog's Hand.
 33929 | Vaults:1 | 33929 ||| INVOKING Brothers in Arms.
 33930 | Vaults:1 | 33930 ||| INVOKING Berserk.
 33944 | Vaults:1 | 33944 ||| EATING 3 royal jellies.
 34026 | Vaults:1 | 34026 ||| UPGRADING to large jade ring.
 34028 | Vaults:1 | 34028 ||| READING 12 scrolls of remove curse.
 34029 | Vaults:1 | 34029 ||| REMOVING -3 ring of protection.
 34030 | Vaults:1 | 34030 ||| DROPPING -3 ring of protection.
 34031 | Vaults:1 | 34031 ||| UPGRADING to ring of the Madman {rC+ Int+4 SInv}.
 34032 | Vaults:1 | 34032 ||| UPGRADING to ring of protection from fire.
 34083 | Vaults:2 | 34083 ||| INVOKING Trog's Hand.
 34098 | Vaults:2 | Reached XP level 19. HP: 188/190 MP: 6/6
 34282 | Vaults:2 | 34282 ||| INVOKING Trog's Hand.
 34353 | Vaults:2 | 34353 ||| INVOKING Trog's Hand.
 34354 | Vaults:2 | Noticed Norris
 34355 | Vaults:2 | 34355 ||| INVOKING Brothers in Arms.
 34357 | Vaults:2 | 34357 ||| INVOKING Berserk.
 34361 | Vaults:2 | Received a gift from Trog
 34373 | Vaults:2 | Killed Norris
 34375 | Vaults:2 | Received a gift from Trog
 34622 | Vaults:2 | 34622 ||| INVOKING Trog's Hand.
 34783 | Vaults:2 | 34783 ||| INVOKING Trog's Hand.
 35022 | Vaults:2 | 35022 ||| INVOKING Berserk.
 35154 | Vaults:2 | 35154 ||| INVOKING Trog's Hand.
 35161 | Vaults:2 | Received a gift from Trog
 35320 | Vaults:2 | 35320 ||| INVOKING Trog's Hand.
 35326 | Vaults:2 | 35326 ||| INVOKING Berserk.
 35366 | Vaults:2 | 35366 ||| ZAPPING wand of teleportation (5).
 35440 | Vaults:2 | 35440 ||| INVOKING Trog's Hand.
 35480 | Vaults:2 | 35480 ||| INVOKING Berserk.
 35497 | Vaults:2 | 35497 ||| EATING 2 royal jellies.
 35800 | Vaults:2 | Received a gift from Trog
 36038 | Vaults:3 | 36038 ||| INVOKING Trog's Hand.
 36061 | Vaults:3 | 36061 ||| INVOKING Trog's Hand.
 36254 | Vaults:3 | 36254 ||| INVOKING Trog's Hand.
 36270 | Vaults:3 | 36270 ||| INVOKING Berserk.
 36321 | Vaults:3 | Received a gift from Trog
 36385 | Vaults:3 | 36385 ||| INVOKING Trog's Hand.
 36417 | Vaults:3 | 36417 ||| INVOKING Trog's Hand.
 36656 | Vaults:3 | 36656 ||| INVOKING Trog's Hand.
 36837 | Vaults:3 | 36837 ||| INVOKING Trog's Hand.
 36846 | Vaults:3 | Reached XP level 20. HP: 204/204 MP: 7/7
 36867 | Vaults:3 | 36867 ||| INVOKING Trog's Hand.
 36874 | Vaults:3 | Reached skill level 18 in Dodging
 37032 | Vaults:3 | 37032 ||| INVOKING Trog's Hand.
 37036 | Vaults:3 | Reached skill level 18 in Armour
 37200 | Vaults:3 | Reached skill level 18 in Fighting
 37320 | Vaults:3 | Found a staircase to the Crypt.
 37421 | Vaults:3 | 37421 ||| INVOKING Trog's Hand.
 37436 | Vaults:3 | Received a gift from Trog
 37636 | Vaults:3 | 37636 ||| UPGRADING to twisted copper ring.
 37638 | Vaults:3 | 37638 ||| REMOVING ring of ice.
 37639 | Vaults:3 | 37639 ||| UPGRADING to ring of the Madman {rC+ Int+4 SInv}.
 37640 | Vaults:3 | 37640 ||| UPGRADING to ring of protection from fire.
 37870 | Vaults:4 | 37870 ||| INVOKING Brothers in Arms.
 37925 | Vaults:4 | 37925 ||| INVOKING Trog's Hand.
 37980 | Vaults:4 | 37980 ||| INVOKING Trog's Hand.
 38014 | Vaults:4 | Received a gift from Trog
 38053 | Vaults:4 | 38053 ||| INVOKING Trog's Hand.
 38188 | Vaults:4 | 38188 ||| INVOKING Trog's Hand.
 38269 | Vaults:4 | 38269 ||| INVOKING Trog's Hand.
 38321 | Vaults:4 | Received a gift from Trog
 38431 | Vaults:4 | 38431 ||| INVOKING Trog's Hand.
 38570 | Vaults:4 | 38570 ||| INVOKING Trog's Hand.
 38661 | Vaults:4 | 38661 ||| INVOKING Trog's Hand.
 38712 | Vaults:4 | 38712 ||| INVOKING Trog's Hand.
 38941 | Vaults:4 | 38941 ||| INVOKING Trog's Hand.
 38992 | Vaults:4 | 38992 ||| INVOKING Trog's Hand.
 39051 | Vaults:4 | 39051 ||| DRINKING 14 potions of curing.
 39051 | Vaults:4 | 39051 ||| (to cure bad poison)
 39416 | Vaults:3 | Received a gift from Trog
 39785 | Lair:3   | 39785 ||| EATING royal jelly.
 39982 | Shoals:1 | Entered Level 1 of the Shoals
 39983 | Shoals:1 | 39983 ||| Entered A.
 40009 | Shoals:1 | 40009 ||| Stepping ~*~*~tactically~*~*~ (water).
 40057 | Shoals:1 | 40057 ||| Stepping ~*~*~tactically~*~*~ (water).
 40062 | Shoals:1 | 40062 ||| Stepping ~*~*~tactically~*~*~ (water).
 40130 | Shoals:1 | 40130 ||| Stepping ~*~*~tactically~*~*~ (water).
 40132 | Shoals:1 | 40132 ||| Stepping ~*~*~tactically~*~*~ (water).
 40136 | Shoals:1 | 40136 ||| Stepping ~*~*~tactically~*~*~ (water).
 40168 | Shoals:1 | Reached XP level 21. HP: 216/216 MP: 8/8
 40169 | Shoals:1 | 40169 ||| ZAPPING wand of teleportation (4).
 40170 | Shoals:1 | 40170 ||| Waiting to end mesmerise (stuck).
 40171 | Shoals:1 | 40171 ||| Waiting to end mesmerise (stuck).
 40172 | Shoals:1 | 40172 ||| Waiting to end mesmerise (stuck).
 40173 | Shoals:1 | 40173 ||| Waiting to end mesmerise (stuck).
 40203 | Shoals:1 | 40203 ||| Stepping ~*~*~tactically~*~*~ (water).
 40205 | Shoals:1 | 40205 ||| Stepping ~*~*~tactically~*~*~ (water).
 40207 | Shoals:1 | 40207 ||| Stepping ~*~*~tactically~*~*~ (water).
 40213 | Shoals:1 | 40213 ||| Stepping ~*~*~tactically~*~*~ (water).
 40223 | Shoals:1 | 40223 ||| Stepping ~*~*~tactically~*~*~ (water).
 40225 | Shoals:1 | 40225 ||| Stepping ~*~*~tactically~*~*~ (water).
 40262 | Shoals:1 | 40262 ||| READING scroll of enchant weapon.
 40262 | Shoals:1 | 40262 ||| ENCHANTING +6 vampiric battleaxe.
 40305 | Shoals:1 | 40305 ||| Stepping ~*~*~tactically~*~*~ (water).
 40315 | Shoals:1 | 40315 ||| Stepping ~*~*~tactically~*~*~ (water).
 40576 | Shoals:1 | 40576 ||| Stepping ~*~*~tactically~*~*~ (water).
 40602 | Shoals:1 | 40602 ||| READING 20 scrolls of identify.
 40602 | Shoals:1 | 40602 ||| IDENTIFYING wand of teleportation
 40638 | Shoals:2 | Noticed Jorgrun
 40667 | Shoals:2 | Received a gift from Trog
 40670 | Shoals:2 | Killed Jorgrun
 40675 | Shoals:2 | 40675 ||| Stepping ~*~*~tactically~*~*~ (water).
 40679 | Shoals:2 | 40679 ||| Stepping ~*~*~tactically~*~*~ (water).
 40701 | Shoals:2 | 40701 ||| Stepping ~*~*~tactically~*~*~ (water).
 40884 | Shoals:2 | 40884 ||| INVOKING Trog's Hand.
 40887 | Shoals:2 | 40887 ||| Stepping ~*~*~tactically~*~*~ (water).
 40901 | Shoals:2 | 40901 ||| Stepping ~*~*~tactically~*~*~ (water).
 41124 | Shoals:2 | Found an opulent altar of Gozag.
 41132 | Shoals:2 | 41132 ||| Stepping ~*~*~tactically~*~*~ (water).
 41135 | Shoals:2 | 41135 ||| Stepping ~*~*~tactically~*~*~ (water).
 41343 | Shoals:3 | 41343 ||| READING scroll of enchant weapon.
 41343 | Shoals:3 | 41343 ||| ENCHANTING +7 vampiric battleaxe.
 41347 | Shoals:3 | 41347 ||| INVOKING Trog's Hand.
 41352 | Shoals:3 | 41352 ||| Stepping ~*~*~tactically~*~*~ (water).
 41354 | Shoals:3 | 41354 ||| Stepping ~*~*~tactically~*~*~ (water).
 41357 | Shoals:3 | 41357 ||| Stepping ~*~*~tactically~*~*~ (water).
 41361 | Shoals:3 | Received a gift from Trog
 41366 | Shoals:3 | 41366 ||| Stepping ~*~*~tactically~*~*~ (water).
 41389 | Shoals:3 | 41389 ||| EATING 3 beef jerkies.
 41390 | Shoals:3 | 41390 ||| INVOKING Trog's Hand.
 41430 | Shoals:3 | 41430 ||| INVOKING Trog's Hand.
 41519 | Shoals:3 | 41519 ||| Stepping ~*~*~tactically~*~*~ (water).
 41520 | Shoals:3 | 41520 ||| Stepping ~*~*~tactically~*~*~ (water).
 41533 | Shoals:3 | 41533 ||| Stepping ~*~*~tactically~*~*~ (water).
 41537 | Shoals:3 | Received a gift from Trog
 41655 | Shoals:3 | 41655 ||| Stepping ~*~*~tactically~*~*~ (water).
 41657 | Shoals:3 | 41657 ||| Stepping ~*~*~tactically~*~*~ (water).
 41728 | Shoals:3 | 41728 ||| INVOKING Trog's Hand.
 42080 | Shoals:4 | Entered Level 4 of the Shoals
 42151 | Shoals:4 | Noticed Ilsuiw
 42180 | Shoals:4 | Killed Ilsuiw
 42263 | Shoals:4 | 42263 ||| Stepping ~*~*~tactically~*~*~ (water).
 42305 | Shoals:4 | Received a gift from Trog
 42306 | Shoals:4 | 42306 ||| Stepping ~*~*~tactically~*~*~ (water).
 42317 | Shoals:4 | 42317 ||| INVOKING Trog's Hand.
 42403 | Shoals:4 | 42403 ||| Stepping ~*~*~tactically~*~*~ (water).
 42410 | Shoals:4 | 42410 ||| Stepping ~*~*~tactically~*~*~ (water).
 42411 | Shoals:4 | 42411 ||| Stepping ~*~*~tactically~*~*~ (water).
 42414 | Shoals:4 | 42414 ||| Stepping ~*~*~tactically~*~*~ (water).
 42420 | Shoals:4 | 42420 ||| INVOKING Trog's Hand.
 42567 | Shoals:4 | Got a barnacled rune of Zot
 42704 | Shoals:4 | 42704 ||| Stepping ~*~*~tactically~*~*~ (water).
 42817 | Shoals:4 | 42817 ||| Stepping ~*~*~tactically~*~*~ (water).
 42952 | Shoals:4 | 42952 ||| Stepping ~*~*~tactically~*~*~ (water).
 42980 | Shoals:4 | 42980 ||| READING scroll of recharging.
 42980 | Shoals:4 | 42980 ||| RECHARGING wand of teleportation (3).
 43071 | Shoals:4 | 43071 ||| DROPPING +1 plate armour of the Moneychanger {rPois Dex+2}.
 43072 | Shoals:4 | 43072 ||| UPGRADING to tubular copper ring.
 43074 | Shoals:4 | 43074 ||| REMOVING ring of flight.
 43075 | Shoals:4 | 43075 ||| DROPPING ring of flight.
 43076 | Shoals:4 | 43076 ||| UPGRADING to ring of the Madman {rC+ Int+4 SInv}.
 43077 | Shoals:4 | 43077 ||| UPGRADING to ring of protection from fire.
 43079 | Shoals:4 | 43079 ||| READING scroll labeled FOCESS RUCA.
 43411 | D:11     | 43411 ||| EATING 2 beef jerkies.
 43523 | Depths:1 | Entered Level 1 of the Depths
 43524 | Depths:1 | 43524 ||| Entered U.
 43527 | Depths:1 | 43527 ||| INVOKING Trog's Hand.
 43538 | Depths:1 | Received a gift from Trog
 43542 | Depths:1 | 43542 ||| INVOKING Brothers in Arms.
 43550 | Depths:1 | 43550 ||| INVOKING Berserk.
 43572 | Depths:1 | 43572 ||| EATING beef jerky.
 43706 | Depths:1 | 43706 ||| INVOKING Trog's Hand.
 43724 | Depths:1 | Found a one-way gate to the infinite horrors of the Abyss.
 43775 | Depths:1 | 43775 ||| INVOKING Trog's Hand.
 43785 | Depths:1 | Received a gift from Trog
 43833 | Depths:1 | 43833 ||| Stepping ~*~*~tactically~*~*~ (water).
 43835 | Depths:1 | 43835 ||| Stepping ~*~*~tactically~*~*~ (water).
 43928 | Depths:1 | Found a runed warning-scrawled door.
 43945 | Depths:1 | Found a runed door.
 44018 | Depths:1 | Reached XP level 22. HP: 228/228 MP: 9/9
 44100 | Depths:1 | Found a gateway to Hell.
 44101 | Depths:1 | 44101 ||| INVOKING Trog's Hand.
 44399 | Depths:1 | 44399 ||| EATING 7 fruits.
 44432 | Depths:2 | 44432 ||| STAIRDANCE
 44442 | Depths:1 | Received a gift from Trog
 44501 | Depths:2 | 44501 ||| STAIRDANCE
 44645 | Depths:2 | 44645 ||| INVOKING Trog's Hand.
 44646 | Depths:2 | 44646 ||| INVOKING Brothers in Arms.
 44647 | Depths:2 | 44647 ||| INVOKING Brothers in Arms.
 44648 | Depths:2 | 44648 ||| INVOKING Berserk.
 44685 | Depths:2 | 44685 ||| INVOKING Brothers in Arms.
 44817 | Depths:2 | 44817 ||| DRINKING 16 potions of curing.
 44817 | Depths:2 | 44817 ||| (to cure confusion)
 44894 | Depths:2 | 44894 ||| DRINKING potion of heal wounds.
 44895 | Depths:2 | 44895 ||| ZAPPING wand of heal wounds (4).
 44896 | Depths:2 | 44896 ||| MP-RECHARGING wand of heal wounds (3).
 44957 | Depths:2 | 44957 ||| INVOKING Trog's Hand.
 44970 | Depths:2 | Lost mutation: Your muscles are strong. (Str +2) [a Zot trap]
 45040 | Depths:2 | 45040 ||| INVOKING Berserk.
 45044 | Depths:2 | Received a gift from Trog
 45236 | Depths:2 | 45236 ||| INVOKING Trog's Hand.
 45257 | Depths:2 | 45257 ||| INVOKING Trog's Hand.
 45455 | Depths:2 | 45455 ||| EATING 6 fruits.
 45532 | Depths:2 | 45532 ||| INVOKING Berserk.
 45546 | Depths:2 | Received a gift from Trog
 45569 | Depths:2 | 45569 ||| EATING 5 fruits.
 45972 | Depths:2 | 45972 ||| EATING 4 fruits.
 46020 | Depths:2 | 46020 ||| DROPPING wand of fireball.
 46206 | Depths:3 | 46206 ||| INVOKING Trog's Hand.
 46207 | Depths:3 | 46207 ||| INVOKING Brothers in Arms.
 46225 | Depths:3 | 46225 ||| INVOKING Brothers in Arms.
 46243 | Depths:3 | 46243 ||| INVOKING Trog's Hand.
 46256 | Depths:3 | 46256 ||| ZAPPING wand of heal wounds (6).
 46257 | Depths:3 | 46257 ||| ZAPPING wand of heal wounds (5).
 46258 | Depths:3 | 46258 ||| INVOKING Brothers in Arms.
 46268 | Depths:3 | 46268 ||| INVOKING Berserk.
 46372 | Depths:3 | 46372 ||| INVOKING Brothers in Arms.
 46495 | Depths:3 | Received a gift from Trog
 46667 | Depths:3 | Found a runed door.
 46677 | Depths:3 | 46677 ||| INVOKING Berserk.
 46728 | Depths:3 | 46728 ||| EATING 3 fruits.
 46756 | Depths:3 | 46756 ||| INVOKING Trog's Hand.
 46806 | Depths:3 | 46806 ||| Stepping ~*~*~tactically~*~*~ (cloud).
 47042 | Depths:3 | 47042 ||| INVOKING Brothers in Arms.
 47073 | Depths:3 | 47073 ||| INVOKING Brothers in Arms.
 47083 | Depths:3 | 47083 ||| INVOKING Brothers in Arms.
 47161 | Depths:3 | Noticed Frederick
 47197 | Depths:3 | 47197 ||| INVOKING Trog's Hand.
 47198 | Depths:3 | 47198 ||| INVOKING Brothers in Arms.
 47200 | Depths:3 | 47200 ||| INVOKING Berserk.
 47203 | Depths:3 | Noticed a juggernaut
 47207 | Depths:3 | Reached XP level 23. HP: 238/238 MP: 9/9
 47213 | Depths:3 | 47213 ||| ZAPPING wand of teleportation (5).
 47232 | Depths:3 | Received a gift from Trog
 47250 | Depths:3 | 47250 ||| INVOKING Brothers in Arms.
 47408 | Depths:3 | 47408 ||| Stepping ~*~*~tactically~*~*~ (water).
 47451 | Depths:3 | Reached skill level 21 in Dodging
 47452 | Depths:3 | 47452 ||| INVOKING Berserk.
 47463 | Depths:3 | 47463 ||| Stepping ~*~*~tactically~*~*~ (cloud).
 47464 | Depths:3 | 47464 ||| Stepping ~*~*~tactically~*~*~ (cloud).
 47470 | Depths:3 | 47470 ||| ZAPPING wand of teleportation (4).
 47473 | Depths:3 | 47473 ||| ZAPPING wand of heal wounds (4).
 47474 | Depths:3 | 47474 ||| ZAPPING wand of heal wounds (3).
 47475 | Depths:3 | 47475 ||| MP-RECHARGING wand of heal wounds (2).
 47480 | Depths:3 | 47480 ||| ZAPPING wand of teleportation (3).
 47492 | Depths:3 | Reached skill level 21 in Armour
 47532 | Depths:3 | Noticed a juggernaut
 47545 | Depths:3 | 47545 ||| INVOKING Berserk.
 47556 | Depths:3 | Killed a juggernaut
 47556 | Depths:3 | Reached skill level 21 in Fighting
 47566 | Depths:3 | 47566 ||| INVOKING Brothers in Arms.
 47567 | Depths:3 | 47567 ||| INVOKING Brothers in Arms.
 47642 | Depths:3 | 47642 ||| INVOKING Berserk.
 47711 | Depths:3 | 47711 ||| INVOKING Berserk.
 47721 | Depths:3 | Killed a juggernaut
 47721 | Depths:3 | Reached skill level 21 in Axes
 47791 | Depths:3 | 47791 ||| INVOKING Brothers in Arms.
 47806 | Depths:3 | 47806 ||| INVOKING Brothers in Arms.
 47830 | Depths:3 | 47830 ||| ZAPPING wand of heal wounds (7).
 47831 | Depths:3 | 47831 ||| ZAPPING wand of heal wounds (6).
 47982 | Depths:3 | 47982 ||| UPGRADING to pair of boots.
 47987 | Depths:3 | 47987 ||| READING 2 scrolls of enchant armour.
 47987 | Depths:3 | 47987 ||| ENCHANTING +0 pair of boots.
 47988 | Depths:3 | 47988 ||| READING scroll of enchant armour.
 47988 | Depths:3 | 47988 ||| ENCHANTING +1 pair of boots.
 47989 | Depths:3 | 47989 ||| UPGRADING to twisted wooden ring.
 47991 | Depths:3 | 47991 ||| UPGRADING to ring of protection from fire.
 48206 | Depths:4 | Found a gateway to a ziggurat.
 48265 | Depths:4 | 48265 ||| ZAPPING wand of heal wounds (5).
 48443 | Depths:4 | 48443 ||| ZAPPING wand of heal wounds (4).
 48444 | Depths:4 | 48444 ||| ZAPPING wand of heal wounds (3).
 48445 | Depths:4 | 48445 ||| ZAPPING wand of heal wounds (2).
 48446 | Depths:4 | 48446 ||| MP-RECHARGING wand of heal wounds (1).
 48447 | Depths:4 | 48447 ||| MP-RECHARGING wand of heal wounds (3).
 48661 | Depths:4 | Received a gift from Trog
 49010 | Depths:4 | 49010 ||| UPGRADING to glowing plate armour.
 49020 | Depths:4 | 49020 ||| UPGRADING to +9 chain mail of Light {rC+}.
 49030 | Depths:4 | 49030 ||| DROPPING +0 plate armour of poison resistance.
 49043 | Depths:5 | Entered Level 5 of the Depths
 49159 | Depths:5 | 49159 ||| INVOKING Brothers in Arms.
 49176 | Depths:5 | 49176 ||| Stepping ~*~*~tactically~*~*~ (cloud).
 49186 | Depths:5 | 49186 ||| ZAPPING wand of teleportation (2).
 49187 | Depths:5 | 49187 ||| Stepping randomly (stuck).
 49188 | Depths:5 | 49188 ||| Stepping ~*~*~tactically~*~*~ (cloud).
 49271 | Depths:5 | Found a gate to the Realm of Zot.
 49273 | Depths:5 | 49273 ||| DRINKING 5 potions of resistance.
 49275 | Depths:5 | Noticed Jory
 49288 | Depths:5 | Killed Jory
 49303 | Depths:5 | Received a gift from Trog
 49304 | Depths:5 | Noticed Mennas
 49304 | Depths:5 | 49304 ||| INVOKING Brothers in Arms.
 49324 | Depths:5 | 49324 ||| INVOKING Brothers in Arms.
 49347 | Depths:5 | 49347 ||| INVOKING Berserk.
 49367 | Depths:5 | Killed Mennas
 49373 | Depths:5 | 49373 ||| ZAPPING wand of heal wounds (8).
 49374 | Depths:5 | 49374 ||| ZAPPING wand of heal wounds (7).
 49375 | Depths:5 | 49375 ||| ZAPPING wand of heal wounds (6).
 49376 | Depths:5 | 49376 ||| DRINKING 16 potions of curing.
 49376 | Depths:5 | 49376 ||| (to cure poison)
 49507 | Depths:5 | 49507 ||| Stepping ~*~*~tactically~*~*~ (cloud).
 49510 | Depths:5 | Received a gift from Trog
 49516 | Depths:5 | 49516 ||| DRINKING 15 potions of curing.
 49516 | Depths:5 | 49516 ||| (to cure poison)
 49549 | Depths:5 | 49549 ||| DRINKING 14 potions of curing.
 49549 | Depths:5 | 49549 ||| (to cure poison)
 49550 | Depths:5 | 49550 ||| Stepping ~*~*~tactically~*~*~ (cloud).
 49910 | Vaults:3 | 49910 ||| INVOKING Trog's Hand.
 50009 | Vaults:5 | Entered Level 5 of the Vaults
 50013 | Vaults:5 | Noticed an ancient lich
 50013 | Vaults:5 | 50013 ||| INVOKING Trog's Hand.
 50014 | Vaults:5 | 50014 ||| INVOKING Brothers in Arms.
 50022 | Vaults:5 | 50022 ||| INVOKING Berserk.
 50029 | Vaults:5 | Reached XP level 24. HP: 251/251 MP: 6/6
 50033 | Vaults:5 | Killed an ancient lich
 50038 | Vaults:5 | Reached skill level 22 in Fighting
 50103 | Vaults:5 | 50103 ||| ZAPPING wand of teleportation (1).
 50104 | Vaults:5 | 50104 ||| ZAPPING wand of heal wounds (5).
 50107 | Vaults:5 | Noticed an ancient lich
 50107 | Vaults:5 | 50107 ||| INVOKING Trog's Hand.
 50108 | Vaults:5 | 50108 ||| INVOKING Brothers in Arms.
 50109 | Vaults:5 | 50109 ||| EATING 28 bread rations.
 50120 | Vaults:5 | 50120 ||| ZAPPING wand of heal wounds (4).
 50122 | Vaults:5 | 50122 ||| INVOKING Trog's Hand.
 50131 | Vaults:5 | 50131 ||| ZAPPING wand of teleportation (9).
 50134 | Vaults:5 | 50134 ||| ZAPPING wand of heal wounds (3).
 50150 | Vaults:5 | Received a gift from Trog
 50157 | Vaults:5 | 50157 ||| ZAPPING wand of teleportation (8).
 50161 | Vaults:5 | 50161 ||| ZAPPING wand of teleportation (7).
 50167 | Vaults:5 | 50167 ||| MP-RECHARGING wand of heal wounds (2).
 50175 | Vaults:5 | 50175 ||| INVOKING Berserk.
 50191 | Vaults:5 | 50191 ||| ZAPPING wand of teleportation (6).
 50208 | Vaults:5 | 50208 ||| INVOKING Trog's Hand.
 50209 | Vaults:5 | 50209 ||| INVOKING Brothers in Arms.
 50212 | Vaults:5 | 50212 ||| INVOKING Berserk.
 50230 | Vaults:5 | 50230 ||| ZAPPING wand of teleportation (5).
 50235 | Vaults:5 | 50235 ||| ZAPPING wand of teleportation (4).
 50249 | Vaults:5 | Noticed PeterLawrence's ghost (veteran GrFi)
 50249 | Vaults:5 | 50249 ||| INVOKING Brothers in Arms.
 50257 | Vaults:5 | 50257 ||| INVOKING Trog's Hand.
 50287 | Vaults:5 | 50287 ||| ZAPPING wand of teleportation (3).
 50299 | Vaults:5 | 50299 ||| ZAPPING wand of heal wounds (4).
 50300 | Vaults:5 | 50300 ||| MP-RECHARGING wand of heal wounds (3).
 50302 | Vaults:5 | 50302 ||| INVOKING Trog's Hand.
 50316 | Vaults:5 | 50316 ||| ZAPPING wand of teleportation (2).
 50320 | Vaults:5 | 50320 ||| EATING 2 fruits.
 50321 | Vaults:5 | 50321 ||| EATING fruit.
 50396 | Vaults:5 | Received a gift from Trog
 50421 | Vaults:5 | 50421 ||| INVOKING Brothers in Arms.
 50426 | Vaults:5 | 50426 ||| INVOKING Brothers in Arms.
 50427 | Vaults:5 | 50427 ||| INVOKING Berserk.
 50447 | Vaults:5 | Killed PeterLawrence's ghost
 50462 | Vaults:5 | 50462 ||| EATING beef jerky.
 50492 | Vaults:5 | 50492 ||| INVOKING Trog's Hand.
 50508 | Vaults:5 | Got a scorched wooden ring
 50551 | Vaults:5 | 50551 ||| INVOKING Berserk.
 50601 | Vaults:5 | 50601 ||| ZAPPING wand of teleportation (1).
 50623 | Vaults:5 | 50623 ||| INVOKING Trog's Hand.
 50629 | Vaults:5 | 50629 ||| Stepping ~*~*~tactically~*~*~ (cloud).
 50637 | Vaults:5 | 50637 ||| INVOKING Berserk.
 50670 | Vaults:5 | 50670 ||| INVOKING Trog's Hand.
 50821 | Vaults:5 | 50821 ||| INVOKING Trog's Hand.
 50822 | Vaults:5 | 50822 ||| INVOKING Berserk.
 50830 | Vaults:5 | Killed an ancient lich
 50837 | Vaults:5 | Reached XP level 25. HP: 261/261 MP: 5/5
 50850 | Vaults:5 | 50850 ||| INVOKING Trog's Hand.
 50869 | Vaults:5 | 50869 ||| INVOKING Trog's Hand.
 51059 | Vaults:5 | 51059 ||| INVOKING Trog's Hand.
 51060 | Vaults:5 | 51060 ||| INVOKING Berserk.
 51125 | Vaults:5 | Got a silver rune of Zot
 51580 | Vaults:5 | Got a scintillating turquoise ring
 51583 | Vaults:5 | 51583 ||| READING scroll of enchant weapon.
 51583 | Vaults:5 | 51583 ||| ENCHANTING +8 vampiric battleaxe.
 51672 | Vaults:5 | 51672 ||| READING scroll of recharging.
 51672 | Vaults:5 | 51672 ||| RECHARGING wand of teleportation (0).
 51674 | Vaults:5 | Got an encrusted cloak
 51807 | Vaults:5 | 51807 ||| UPGRADING to shiny plate armour.
 51817 | Vaults:5 | 51817 ||| UPGRADING to +9 chain mail of Light {rC+}.
 51827 | Vaults:5 | 51827 ||| DROPPING +2 plate armour of cold resistance.
 51828 | Vaults:5 | 51828 ||| UPGRADING to glowing plate armour.
 51838 | Vaults:5 | 51838 ||| UPGRADING to +9 chain mail of Light {rC+}.
 51848 | Vaults:5 | 51848 ||| DROPPING +1 plate armour of poison resistance.
 51849 | Vaults:5 | 51849 ||| UPGRADING to encrusted cloak.
 51859 | Vaults:5 | Identified the -3 cloak of Getuow {MP-9 Int+8} (You found it on level 5 of the Vaults)
 51859 | Vaults:5 | 51859 ||| UPGRADING to +2 cloak.
 51869 | Vaults:5 | 51869 ||| DROPPING -3 cloak of Getuow {MP-9 Int+8}.
 51870 | Vaults:5 | 51870 ||| UPGRADING to scorched wooden ring.
 51871 | Vaults:5 | Identified the ring of Qamuc {+Blink rC+ MR+ Dex+2 SInv} (You took it off a yaktaur captain on level 5 of the Vaults)
 51872 | Vaults:5 | 51872 ||| UPGRADING to shiny opal ring.
 51874 | Vaults:5 | 51874 ||| REMOVING ring of fire.
 51875 | Vaults:5 | 51875 ||| UPGRADING to ring of protection from fire.
 51876 | Vaults:5 | 51876 ||| UPGRADING to scintillating turquoise ring.
 51877 | Vaults:5 | Identified the ring "Uczypo" {rElec rPois MR+ Int-2 Stlth-} (You took it off a fire giant on level 5 of the Vaults)
 51878 | Vaults:5 | 51878 ||| DRINKING 2 viscous emerald potions.
 51879 | Vaults:5 | 51879 ||| DROPPING wand of teleportation (0).
 51880 | Vaults:5 | 51880 ||| DROPPING potion of flight.
 52051 | Vaults:2 | 52051 ||| EATING 4 slices of pizza.
 52246 | Depths:1 | 52246 ||| UPGRADING to ring of protection from fire.
 52477 | Depths:5 | 52477 ||| STAIRDANCE
 52488 | Depths:5 | 52488 ||| STAIRDANCE
 52497 | Depths:4 | 52497 ||| EATING 3 slices of pizza.
 52522 | Depths:5 | 52522 ||| STAIRDANCE
 52526 | Depths:4 | 52526 ||| DRINKING 15 potions of curing.
 52526 | Depths:4 | 52526 ||| (to cure poison)
 52553 | Depths:5 | 52553 ||| INVOKING Trog's Hand.
 52633 | Depths:5 | Received a gift from Trog
 52635 | Depths:5 | 52635 ||| INVOKING Berserk.
 53334 | Depths:5 | 53334 ||| DRINKING 4 potions of resistance.
 53350 | Depths:5 | 53350 ||| Stepping ~*~*~tactically~*~*~ (cloud).
 53377 | Depths:5 | 53377 ||| ZAPPING wand of teleportation (3).
 53378 | Depths:5 | 53378 ||| Stepping randomly (stuck).
 53379 | Depths:5 | 53379 ||| Stepping ~*~*~tactically~*~*~ (cloud).
 53457 | Zot:1    | Entered Level 1 of the Realm of Zot
 53458 | Zot:1    | 53458 ||| Entered Z.
 53458 | Zot:1    | 53458 ||| INVOKING Brothers in Arms.
 53467 | Zot:1    | 53467 ||| EATING 31 bread rations.
 53478 | Zot:1    | Received a gift from Trog
 53482 | Zot:1    | 53482 ||| EATING 2 slices of pizza.
 53483 | Zot:1    | 53483 ||| EATING slice of pizza.
 53484 | Zot:1    | 53484 ||| EATING 4 fruits.
 53485 | Zot:1    | 53485 ||| EATING 3 fruits.
 53486 | Zot:1    | 53486 ||| EATING 2 fruits.
 53487 | Zot:1    | 53487 ||| EATING fruit.
 53488 | Zot:1    | 53488 ||| EATING royal jelly.
 53676 | Zot:1    | 53676 ||| INVOKING Brothers in Arms.
 53679 | Zot:1    | 53679 ||| INVOKING Brothers in Arms.
 53733 | Zot:1    | 53733 ||| EATING 30 bread rations.
 53736 | Zot:1    | 53736 ||| EATING 29 bread rations.
 53789 | Zot:1    | 53789 ||| INVOKING Berserk.
 53795 | Zot:1    | Reached skill level 23 in Dodging
 53936 | Zot:1    | 53936 ||| DRINKING 15 potions of curing.
 53936 | Zot:1    | 53936 ||| (to cure poison)
 53937 | Zot:1    | 53937 ||| UPGRADING to glowing cloak.
 53942 | Zot:1    | 53942 ||| DRINKING 14 potions of curing.
 53942 | Zot:1    | 53942 ||| (to cure poison)
 53946 | Zot:1    | 53946 ||| UPGRADING to glowing cloak.
 53951 | Zot:1    | 53951 ||| UPGRADING to +2 cloak.
 53961 | Zot:1    | 53961 ||| DROPPING +1 cloak.
 53962 | Zot:1    | 53962 ||| UPGRADING to glowing cloak.
 53972 | Zot:1    | 53972 ||| DROPPING +2 cloak.
 54178 | Zot:1    | 54178 ||| INVOKING Brothers in Arms.
 54185 | Zot:1    | 54185 ||| EATING 28 bread rations.
 54188 | Zot:1    | 54188 ||| EATING 27 bread rations.
 54641 | Zot:2    | 54641 ||| INVOKING Brothers in Arms.
 54653 | Zot:2    | 54653 ||| INVOKING Brothers in Arms.
 54666 | Zot:2    | 54666 ||| EATING 26 bread rations.
 54680 | Zot:2    | 54680 ||| INVOKING Berserk.
 54685 | Zot:2    | Received a gift from Trog
 54690 | Zot:2    | 54690 ||| EATING 25 bread rations.
 54696 | Zot:2    | 54696 ||| EATING 24 bread rations.
 54792 | Zot:2    | 54792 ||| INVOKING Berserk.
 54806 | Zot:2    | Reached XP level 26. HP: 273/273 MP: 5/5
 54941 | Zot:2    | 54941 ||| INVOKING Brothers in Arms.
 54953 | Zot:2    | 54953 ||| EATING 23 bread rations.
 55663 | Zot:2    | 55663 ||| UPGRADING to embroidered cloak.
 55673 | Zot:2    | 55673 ||| UPGRADING to +2 cloak of poison resistance.
 55683 | Zot:2    | 55683 ||| DROPPING +2 cloak of invisibility.
 55855 | Zot:3    | 55855 ||| EATING 22 bread rations.
 56290 | Zot:3    | 56290 ||| INVOKING Berserk.
 56486 | Zot:3    | 56486 ||| EATING 22 bread rations.
 56489 | Zot:3    | 56489 ||| UPGRADING to embroidered cloak.
 56499 | Zot:3    | 56499 ||| UPGRADING to +2 cloak of poison resistance.
 56509 | Zot:3    | 56509 ||| DROPPING +2 cloak.
 56510 | Zot:3    | 56510 ||| UPGRADING to glowing cloak.
 56520 | Zot:3    | 56520 ||| UPGRADING to +2 cloak of poison resistance.
 56530 | Zot:3    | 56530 ||| DROPPING +1 cloak.
 56591 | Zot:4    | 56591 ||| INVOKING Brothers in Arms.
 56602 | Zot:4    | 56602 ||| ZAPPING wand of heal wounds (9).
 56606 | Zot:4    | 56606 ||| EATING 21 bread rations.
 56609 | Zot:4    | 56609 ||| EATING 20 bread rations.
 56717 | Zot:4    | 56717 ||| INVOKING Berserk.
 56771 | Zot:4    | 56771 ||| INVOKING Berserk.
 56794 | Zot:4    | Received a gift from Trog
 56801 | Zot:4    | 56801 ||| ZAPPING wand of heal wounds (8).
 56802 | Zot:4    | 56802 ||| ZAPPING wand of heal wounds (7).
 56803 | Zot:4    | 56803 ||| ZAPPING wand of heal wounds (6).
 56804 | Zot:4    | 56804 ||| ZAPPING wand of heal wounds (5).
 56805 | Zot:4    | 56805 ||| ZAPPING wand of heal wounds (4).
 56806 | Zot:4    | 56806 ||| MP-RECHARGING wand of heal wounds (3).
 56871 | Zot:4    | 56871 ||| EATING 21 bread rations.
 56955 | Zot:4    | 56955 ||| INVOKING Brothers in Arms.
 56962 | Zot:4    | 56962 ||| EATING 20 bread rations.
 56986 | Zot:4    | 56986 ||| ZAPPING wand of heal wounds (7).
 56991 | Zot:4    | 56991 ||| INVOKING Berserk.
 57102 | Zot:4    | 57102 ||| INVOKING Brothers in Arms.
 57109 | Zot:4    | 57109 ||| EATING 19 bread rations.
 57185 | Zot:4    | Reached skill level 9 in Evocations
 57289 | Zot:4    | 57289 ||| INVOKING Brothers in Arms.
 57302 | Zot:4    | 57302 ||| ZAPPING wand of heal wounds (6).
 57303 | Zot:4    | 57303 ||| EATING 18 bread rations.
 57306 | Zot:4    | 57306 ||| EATING 17 bread rations.
 57396 | Zot:4    | 57396 ||| INVOKING Berserk.
 57421 | Zot:4    | 57421 ||| ZAPPING wand of teleportation (2).
 57527 | Zot:4    | 57527 ||| INVOKING Berserk.
 57541 | Zot:4    | 57541 ||| EATING 16 bread rations.
 57650 | Zot:4    | 57650 ||| UPGRADING to pair of glowing boots.
 57660 | Zot:4    | Identified a +1 pair of boots of running (You found it on level 4 of the Realm of Zot)
 57660 | Zot:4    | 57660 ||| UPGRADING to +2 pair of boots.
 57670 | Zot:4    | 57670 ||| DROPPING +1 pair of boots of running.
 57671 | Zot:4    | 57671 ||| UPGRADING to runed cloak.
 57681 | Zot:4    | 57681 ||| UPGRADING to +2 cloak of poison resistance.
 57691 | Zot:4    | 57691 ||| DROPPING +1 cloak.
 57692 | Zot:4    | 57692 ||| UPGRADING to steel ring.
 57694 | Zot:4    | 57694 ||| UPGRADING to ring "Uczypo" {rElec rPois MR+ Int-2 Stlth-}.
 57696 | Zot:4    | 57696 ||| UPGRADING to ring of protection from fire.
 57698 | Zot:4    | 57698 ||| READING scroll labeled PUJAIL WISE.
 57742 | Zot:5    | Entered Level 5 of the Realm of Zot
 57921 | Zot:5    | Reached skill level 24 in Dodging
 57962 | Zot:5    | Noticed an ancient lich
 57963 | Zot:5    | 57963 ||| INVOKING Trog's Hand.
 57964 | Zot:5    | 57964 ||| INVOKING Brothers in Arms.
 57965 | Zot:5    | 57965 ||| INVOKING Berserk.
 57967 | Zot:5    | Killed an ancient lich
 57967 | Zot:5    | Reached skill level 24 in Armour
 57967 | Zot:5    | Reached XP level 27. HP: 284/284 MP: 5/5
 57988 | Zot:5    | Reached skill level 24 in Fighting
 57992 | Zot:5    | 57992 ||| DRINKING 4 potions of resistance.
 57998 | Zot:5    | Noticed an orb of fire
 57998 | Zot:5    | 57998 ||| INVOKING Brothers in Arms.
 58007 | Zot:5    | Reached skill level 24 in Axes
 58015 | Zot:5    | Killed an orb of fire
 58018 | Zot:5    | 58018 ||| EATING 15 bread rations.
 58021 | Zot:5    | 58021 ||| EATING 14 bread rations.
 58087 | Zot:5    | Identified a scroll of acquirement
 58095 | Zot:5    | 58095 ||| READING scroll of acquirement.
 58128 | Zot:5    | 58128 ||| DRINKING 3 potions of resistance.
 58215 | Zot:5    | Noticed an ancient lich
 58215 | Zot:5    | 58215 ||| INVOKING Trog's Hand.
 58216 | Zot:5    | 58216 ||| INVOKING Brothers in Arms.
 58227 | Zot:5    | 58227 ||| INVOKING Berserk.
 58244 | Zot:5    | Killed an ancient lich
 58308 | Zot:5    | Got the Orb of Zot
 58384 | Zot:5    | 58384 ||| EATING 13 bread rations.
 58429 | Zot:4    | 58429 ||| DRINKING 4 potions of haste.
 58430 | Zot:4    | 58430 ||| DRINKING 2 potions of resistance.
 58431 | Zot:4    | 58431 ||| DRINKING 6 potions of might.
 58599 | Zot:1    | Noticed Emeico the pandemonium lord
 58599 | Zot:1    | 58599 ||| DRINKING 3 potions of haste.
 58600 | Zot:1    | 58600 ||| DRINKING 5 potions of might.
 58627 | Zot:1    | Killed Emeico the pandemonium lord
 58628 | Zot:1    | 58628 ||| INVOKING Trog's Hand.
 58675 | Depths:5 | 58675 ||| INVOKING Trog's Hand.
 58728 | Depths:4 | 58728 ||| INVOKING Trog's Hand.
 58961 | D:11     | 58961 ||| EATING 12 bread rations.
 59172 | D:6      | 59172 ||| DRINKING 2 potions of haste.
 59173 | D:6      | 59173 ||| DRINKING 4 potions of might.
 59183 | D:6      | Received a gift from Trog
 59184 | D:6      | 59184 ||| INVOKING Trog's Hand.
 59233 | D:2      | 59233 ||| INVOKING Trog's Hand.
 59281 | D:1      | Gained mutation: Your body sometimes deteriorates upon taking damage. [a cacodemon]
 59300 | D:$      | Escaped with the Orb!

Vault maps used:
D:1:      minmay_arrival_four_circles
D:2:      tso_oasis_becter, nicolae_overflow_crystal_walls
D:3:      zin_statuary, marbit_many_paths, first_bread
D:4:      evilmike_ruin_ashenzari, serial_shops, shop, uniq_pikel, uniq_duvessa
D:5:      kennysheep_mini_moat
D:6:      minmay_temple_entry_statues_fountains
D:7:      grunt_ministairs_11, minivault_14, grunt_ogre_cave, uniq_joseph,
          uniq_crazy_yiuf_cottage
D:8:      minmay_lizard_king
D:9:      lemuel_flame_loot_2, xom_teletrap_fun, dpeg_lair_monsters
D:10:     orc_david_3
D:11:     serial_shops, nicolae_shop_temple_entry_statues_fountains,
          evilmike_butchery, uniq_grum
D:12:     serial_shops, shop, uniq_psyche
D:13:     serial_undead, serial_undead_d, serial_undead_b, serial_undead_b,
          serial_undead_d
D:14:     hangedman_vaults_entry_quadrant_bands,
          nemelex_xobeh_ov_fountains_minmay, lemuel_centaur_altar
D:15:     hangedman_depths_entry_try_elsewhere_first, minivault_26, uniq_roxanne
Lair:1:   basic_altar
Lair:2:   infiniplex_staircase_pool_2, uniq_sonja
Lair:3:   lemuel_oklob_altar, uniq_gastronok, uniq_prince_ribbit2
Lair:6:   elwin_shoals_entry_rooms, guppyfry_snake_entry_island, slime_dummy,
          grunt_forest_stairs_basic
Lair:7:   tgw_fedhas
Lair:8:   wormcave, hangedman_lair_caniforms_friends, serial_forest,
          infiniplex_forest_straight_2, infiniplex_forest_clump_diagonal,
          infiniplex_forest_clump_double, infiniplex_forest_straight_1,
          infiniplex_forest_clump_medium, infiniplex_forest_clump_small,
          uniq_maud
Shoals:1: abandoned_shop
Shoals:2: wheals_shoals_ruined_temple, uniq_jorgrun
Shoals:4: shoals_end_hangedman, shoals_ilsuiw_ice,
          nicolae_shoals_dead_sea_scrolls
Snake:1:  grunt_ministairs_5
Snake:2:  serial_shops, shop_fountains, spider_trap, uniq_frances, uniq_aizul
Snake:3:  uniq_wiglaf
Snake:4:  grunt_snake_rune_spirals, grunt_ministairs_11,
          hangedman_feature_mirror
Orc:1:    basic_altar
Orc:2:    uniq_urug
Orc:3:    giant_chief_lemuel, nicolae_orc_pool_cavern, nicolae_orc_lava_room
Orc:4:    pf_orc_diabolical, basic_altar, nicolae_volcano_entry_hallway
Vaults:1: vaults_mumra_minichess, v_misc_30, nicolae_vaults_big_angled_halls,
          v_pattern_4, nicolae_vaults_big_ls, grunt_vaults_diagonal,
          vaults_room_door_hall, v_misc_27, grunt_vaults_hallway_short,
          vaults_dpeg_spiral, ontoclasm_vaults_bender,
          nicolae_vaults_little_squares_4, v_misc_14, serial_shops,
          nicolae_shop_stone
Vaults:2: v_misc_12, nicolae_vaults_three_branches, hangedman_vaults_slither,
          v_misc_1, grunt_vaults_funnel, nicolae_vaults_branching_niches,
          v_misc_27, vaults_dpeg_ring, uniq_norris
Vaults:3: hangedman_vaults_stagger, v_misc_5, vaults_mumra_hexcomb,
          nicolae_vaults_alarming, blue_anna_dwarven_crypt,
          nicolae_vaults_gold_heap, nicolae_vaults_little_squares_4,
          vaults_room_fours, dpeg_vaults_monster_box, vaults_dpeg_hooks,
          nicolae_vaults_little_squares_3
Vaults:4: nicolae_vaults_border_crossing, v_misc_31, vaults_room_door_ring,
          v_misc_1, dpeg_vaults_monster_row, nicolae_vaults_little_ls,
          v_misc_10, vaults_dpeg_cross, nicolae_vaults_c_with_doors,
          nicolae_vaults_shelves_hall, v_misc_3
Depths:1: grunt_hell_horde, abyss_entry, kennysheep_decorative_pillar,
          st_stairs_9, mikee_hates_you, grunt_megastairs_3
Depths:2: minmay_quantized_circle, hell_entry, special_room,
          rand_demon_pan_entry_4, grunt_ministairs_3
Depths:3: box_level_dp, hell_entry, pan_entry, uniq_frederick
Depths:4: abrahamwl_protected_by_tso_1, enter_ziggurat_e, serial_shops,
          bzr_firewalk, kennysheep_nondescript, minmay_room_of_horrors,
          pf_hell_entry_tar_river
Depths:5: lemuel_castle_with_subvaults, hell_entry, grunt_megastairs_2,
          uniq_jory, uniq_mennas
Zot:1:    zot_minivault_4
Zot:2:    grunt_twist_and_shout, st_stairs_14

Action                   |  1- 3 |  4- 6 |  7- 9 | 10-12 | 13-15 | 16-18 | 19-21 | 22-24 | 25-27 || total
-------------------------+-------+-------+-------+-------+-------+-------+-------+-------+-------++-------
Melee: Hand axe          |   146 |    90 |   543 |    46 |       |       |       |       |       ||   825
       War axe           |       |       |       |   653 |       |       |       |       |       ||   653
       Battleaxe         |       |       |       |   125 |  1662 |  1436 |  1963 |  1864 |  1706 ||  8756
Throw: Tomahawk          |       |       |    95 |   162 |   138 |       |       |       |       ||   395
       Javelin           |       |       |       |    77 |    69 |       |       |       |       ||   146
Invok: Berserk           |     2 |     3 |     8 |    22 |    19 |    43 |     6 |    18 |    13 ||   134
       Brothers in Arms  |       |       |       |    10 |    10 |     6 |     3 |    24 |    14 ||    67
       Trog's Hand       |       |       |       |       |    18 |    18 |    38 |    20 |    11 ||   105
 Abil: Device Recharging |       |       |       |     4 |     4 |    10 |       |     6 |     1 ||    25
Evoke: Wand              |     1 |     2 |    10 |    27 |    21 |    45 |     2 |    32 |    10 ||   150
  Use: Scroll            |     4 |     4 |    14 |    16 |    10 |    13 |     5 |     2 |     4 ||    72
       Potion            |       |     1 |     4 |     6 |     1 |     8 |     1 |     6 |    14 ||    41
 Stab: Distracted        |       |       |       |     2 |     2 |     2 |     2 |     1 |     6 ||    15
       Confused          |       |       |       |       |       |       |       |     2 |     5 ||     7
  Eat: Chunk             |     4 |     5 |    17 |    28 |    60 |    25 |    37 |    42 |    12 ||   230
       Pizza             |       |       |     2 |     3 |       |     5 |       |       |     4 ||    14
       Fruit             |       |       |     1 |     3 |       |    16 |       |     7 |     4 ||    31
       Bread ration      |       |       |       |     1 |       |     1 |       |       |    23 ||    25
       Beef jerky        |       |       |       |     5 |     5 |     7 |     3 |     1 |       ||    21
       Royal jelly       |       |       |       |       |       |    11 |     2 |       |     1 ||    14
